 Dungeon Crawl Stone Soup version 0.29.0-4-gdea44cf6ec (webtiles) character file.

Game seed: 12684498571672956871

536767 qw the Slayer (level 24, -17/245 HPs)
             Began as a Minotaur Berserker on Sept 9, 2022.
             Was an Elder of Trog.
             Demolished by an Orb Guardian (31 damage)
             ... on level 5 of the Realm of Zot.
             The game lasted 00:28:09 (65235 turns).

qw the Slayer (Minotaur Berserker)                 Turns: 65235, Time: 00:28:10

Health: -17/245    AC: 35    Str: 29      XL:     24   Next: 60%
Magic:  0/22       EV: 38    Int:  0 (2)  God:    Trog [****..]
Gold:   3699       SH: 33    Dex: 35      Spells: 23/23 levels left

rFire   + . .      SeeInvis +   p - +9 war axe (vamp)
rCold   + . .      Faith    .   x - +0 tower shield {AC+3}
rNeg    . . .      Spirit   .   b - +8 plate armour "Migusuen" {rPois Dex+9}
rPois   +          Reflect  +   (helmet restricted)
rElec   .          Harm     .   l - scarf {rC+ rF+}
rCorr   .          Rampage  .   q - +2 pair of gloves {Dex+3}
Will    +....                   a - +2 pair of boots
Stlth   ..........              E - amulet "Itoqyqof" {Reflect Dex+5 SH+5}
HPRegen 0.50/turn               Y - +4 ring of evasion
MPRegen 0.18/turn               o - ring "Caimohi" {Drain Fly Dex+5 SInv}

@: corroded, on berserk cooldown, flying, slowed, lost intelligence, unable to
read, very slow
A: horns 2, retaliatory headbutt, dopey 1, weak 1, no potion heal 1, subdued
magic 1, MP-powered wands, sturdy frame 1
}: 3/15 runes: decaying, serpentine, silver
a: Renounce Religion, Berserk, Trog's Hand, Brothers in Arms


You were on level 5 of the Realm of Zot.
You worshipped Trog.
Trog was greatly pleased with you.
You visited 8 branches of the dungeon, and saw 44 of its levels.

You collected 8262 gold pieces.
You spent 4563 gold pieces at shops.


Innate Abilities, Weirdness & Mutations

You have a pair of horns on your head.
You reflexively headbutt those who attack you in melee.
You are dopey. (Int -2)
You are weak. (Str -2)
Potions are less effective at restoring your health.
Your spells are a little easier to cast, but a little less powerful.
You expend magic power (3 MP) to strengthen your wands.
Your movements are slightly less encumbered by armour. (ER -2)


   Skills:
 - Level 26.0 Fighting
 - Level 19.0 Axes
 - Level 15.0 Throwing
 - Level 23.0 Armour
 - Level 23.0 Dodging
 + Level 22.6 Shields


You had 23 spell levels left.
You didn't know any spells.
Your spell library was empty.

Inventory:

Hand Weapons
 p - a +9 vampiric war axe (weapon)
Missiles
 d - 34 boomerangs (quivered)
Armour
 a - a +2 pair of boots (worn)
 b - the +8 plate armour "Migusuen" (worn) {rPois Dex+9}
   (You acquired it on level 2 of the Lair of Beasts)

   Dex:       It affects your dexterity (+9).
   rPois:     It protects you from poison.
 k - a +2 cloak
 l - a scarf of resistance (worn)
 q - a +2 pair of gloves of dexterity (worn)
 t - a +1 cloak of poison resistance
 x - a +0 tower shield of protection (worn)
 B - the +0 pair of boots of Weak Satisfaction {Fly rElec rF- Will+}
   (You acquired it on level 1 of the Vaults)

   rF:        It makes you vulnerable to fire.
   rElec:     It insulates you from electricity.
   Fly:       It grants you flight.
   Will:      It increases your willpower.
Jewellery
 c - a ring of protection from fire
 o - the ring "Caimohi" (right hand) {Drain Fly Dex+5 SInv}
   (You bought it in a shop on level 4 of the Vaults)

   [ring of flight]

   Dex:       It affects your dexterity (+5).
   SInv:      It lets you see invisible.
   Fly:       It grants you flight.
   Drain:     It drains your maximum health when unequipped.
 w - a +4 ring of evasion
 y - the amulet "Uclar" {-Tele rPois Regen+ Int+4 SInv}
   (You found it on level 5 of the Vaults)

   [amulet of regeneration]

   Int:       It affects your intelligence (+4).
   rPois:     It protects you from poison.
   SInv:      It lets you see invisible.
   -Tele:     It prevents most forms of teleportation.
   Regen:     It increases your rate of health regeneration.
 C - a ring of protection from fire
 D - the ring of Incredulity {rC+ Dex+4}
   (You bought it in a shop on level 1 of the Snake Pit)

   [ring of protection from cold]

   Dex:       It affects your dexterity (+4).
   rC:        It protects you from cold.
 E - the amulet "Itoqyqof" (around neck) {Reflect Dex+5 SH+5}
   (You bought it in a shop on level 1 of the Snake Pit)

   [amulet of reflection]

   It reflects blocked missile attacks.
   Dex:       It affects your dexterity (+5).
   SH:        It affects your SH (+5).
 Y - a +4 ring of evasion (left hand)
Wands
 z - a wand of digging (16)
Scrolls
 e - 2 scrolls of brand weapon
 g - 8 scrolls of enchant armour
 j - a scroll of identify
 m - 11 scrolls of teleportation
 A - 4 scrolls of enchant weapon
Potions
 f - 16 potions of curing
 i - 9 potions of might
 s - 2 potions of haste
 u - 6 potions of mutation
 v - 3 potions of cancellation

Dungeon Overview and Level Annotations

Branches:
Dungeon (15/15)            Temple (0/1) D:4            Lair (5/5) D:10
  Swamp (4/4) Lair:3        Snake (4/4) Lair:3        Slime (0/5) Lair:4
    Orc (2/2) D:10            Elf (0/3) Orc:2        Vaults (5/5) D:13
  Crypt (0/3) Vaults:3     Depths (4/4) D:15            Zot (5/5) Depths:4

Altars:
Okawaru
Xom
Yredelemnul
Zin
Jiyva
Lugonu

Shops:
D:7 (   Orc:1 *   Orc:2 (*([?**   Snake:1 ==:   Vaults:4 =   Depths:2 *
Depths:4 *

Portals:
Hell: Depths:1 Depths:2 Depths:3 Depths:4
Abyss: Lair:5 Depths:3 Depths:4
Pandemonium: Depths:2 Depths:4
Ziggurat: Depths:1
Trove: D:12 (give horn of Geryon)

Annotations:
D:7 1 runed translucent door, qw's ghost, novice GrFi
D:12 1 runed translucent door, squishfish's ghost, journeyman TrMo
Snake:2 2 transporters
Orc:2 3 runed translucent doors, qw's ghost, adept GrFi
Zot:3 2 transporters, 1 runed translucent door, Muataran's ghost, veteran MiMo


Message History

The moth of wrath goads the Orb Guardian on!
The Orb Guardian goes berserk!
The moth of wrath angrily waves its antennae.
The orange crystal statue fixes its piercing gaze on you.
Something tries to feed on your intellect!
The Orb Guardian completely misses you.
The red draconian scorcher hits you but does no damage.
The green draconian hits you from afar with a +0 halberd!
Your polar bear barely misses the Orb Guardian. x2
Your polar bear claws the Orb Guardian but does no damage.
You block the yellow draconian's attack.
The Orb Guardian completely misses you. The Orb Guardian hits you!
The Orb Guardian misses you.
The black draconian completely misses you.
The Orb Guardian completely misses you. You furiously retaliate!
You headbutt the Orb Guardian. The Orb Guardian completely misses you.
You furiously retaliate!
You headbutt the Orb Guardian, but do no damage.
The orange crystal statue glitters.
You resist with almost no effort.
The red draconian scorcher closely misses you.
You furiously retaliate!
You headbutt the red draconian scorcher.
You hit the yellow draconian but do no damage.
You headbutt the yellow draconian, but do no damage.
The yellow draconian is moderately wounded.
You hit the Orb Guardian but do no damage.
You hit the black draconian.
You feel better.
You closely miss the Orb Guardian. You miss the Orb Guardian.
You slash the Orb Guardian!
You feel better.
You hit the Orb Guardian.
You feel better.
You slice the red draconian scorcher!!
The sentinel's mark upon you fades away.
You block the Orb Guardian's attack. The Orb Guardian hits you!
You block the green draconian's attack.
Your polar bear bites the Orb Guardian!!
Your polar bear barely misses the Orb Guardian. x2
You block the Orb Guardian's attack. The ghost moth stares at you.
You block the Orb Guardian's attack. The Orb Guardian hits you!!
You die...

##.....¤...¤.....#
##....8##########
##...........
##.......^...9
##.............
#.....yXy...^..
#.....XXDd.....
#....XddXX.....
#....yq@XD.....
#.....XXXh.....
#....^.........
##.....=.......
##..^......... #
##.$$........ #
######################
#....# ###.#.?.......
#....####.............


You could see an electric golem, a storm dragon (summoned), a black draconian
(slow), a yellow draconian (slow, catching breath), a green draconian (summoned,
berserk), a quicksilver dragon (summoned), 10 Orb Guardians, a red draconian
scorcher, a ghost moth (invisible), an orange crystal statue, 2 moths of wrath
and a friendly polar bear (summoned, berserk).

Vanquished Creatures
  2 orbs of fire (Zot:5)
  5 ancient liches
  Mara (Depths:1)
  A juggernaut (Depths:2)
  Xtahua (Vaults:3)
  A curse toe (Zot:2)
  Frederick (Vaults:2)
  Vashnia (Snake:2)
  Margery (Vaults:5)
  Nikola (Vaults:3)
  8 golden dragons
  An electric golem (Zot:2)
  A doom hound (Depths:2)
  8 Orb Guardians (Zot:5)
  12 tentacled monstrosities
  4 titans (Vaults:5)
  2 liches
  A deep elf master archer (Depths:2)
  A deep elf blademaster (Depths:2)
  A walking divine tome (Depths:1)
  6 quicksilver dragons
  Frances (D:13)
  6 sphinxes
  11 death cobs
  13 storm dragons
  A thorn hunter (Swamp:2)
  7 tengu reavers
  5 draconian knights
  7 nagarajas
  3 draconian monks
  6 shadow dragons
  A revenant (Vaults:3)
  3 fire giants
  A nargun (Depths:1)
  An iron dragon (Vaults:5)
  11 draconian scorchers
  8 frost giants
  An orc warlord (Vaults:2)
  14 vault wardens
  Aizul (Depths:1)
  7 draconian shifters
  4 ghost moths
  2 balrugs
  19 ironbound preservers
  3 draconian stormcallers
  3 ghouls (Swamp:1)
  A spriggan defender (Depths:2)
  9 draconian annihilators
  4 ironbound thunderhulks
  14 green draconians
  2 war gargoyles
  4 eleionomae
  13 very ugly things
  11 stone giants
  2 entropy weavers (Vaults:2)
  10 black draconians
  A deep elf annihilator (Vaults:2)
  15 purple draconians
  2 spark wasps (Depths:3)
  9 dire elephants
  11 white draconians
  16 red draconians
  4 vampire knights
  2 bunyips (Swamp:1)
  8 yellow draconians
  A blizzard demon (Depths:3)
  A deep elf death mage (Vaults:5)
  9 ettins
  6 jiangshi
  A deep elf high priest (Vaults:5)
  14 yaktaur captains
  7 fire dragons
  35 vault guards
  Josephine (Lair:5)
  4 great orbs of eyes
  2 rakshasas
  2 salamander tyrants
  2 ghost crabs (Swamp:1)
  5 boulder beetles
  8 hydras
  2 ogre magi
  2 spriggan air magi
  6 ice dragons
  17 two-headed ogres
  14 anacondas
  17 naga warriors
  A death knight (D:15)
  15 ironbound frosthearts
  12 alligators
  10 centaur warriors
  5 dancing weapons (Depths:1)
  3 tengu warriors
  7 vampire magi
  2 thrashing horrors (Lair:5)
  3 deep troll earth magi
  A shock serpent (shapeshifter) (Depths:2)
  Urug (Lair:5)
  15 spriggans
  4 spriggan berserkers
  12 naga sharpshooters
  12 hell knights
  12 shock serpents
  A titan zombie (Vaults:2)
  4 salamander mystics
  2 soul eaters (Depths:4)
  A fire crab (Swamp:4)
  4 goliath frogs
  3 skeletal warriors
  A deep troll (shapeshifter) (Vaults:5)
  2 iron trolls
  6 spriggan druids
  10 swamp dragons
  8 bog bodies
  A death drake (Swamp:4)
  5 glowing orange brains
  38 deep trolls
  11 naga ritualists
  9 lindwurms
  2 sphinx zombies (Vaults:3)
  9 phantasmal warriors
  8 wizards
  17 orc knights
  18 ironbound convokers
  14 necromancers
  8 mana vipers
  11 harpies
  An oklob plant (Lair:4)
  A stone giant zombie (Vaults:2)
  10 orc sorcerers
  A deep elf pyromancer (D:13)
  47 ugly things
  10 cyclopes
  14 salamanders
  A faun (shapeshifter) (Vaults:5)
  4 will-o-the-wisps
  36 black mambas
  A rust devil (Depths:2)
  A large abomination (Lair:5)
  19 moths of wrath
  8 spectral spriggans (Swamp:1)
  4 guardian serpents
  21 naga magi
  19 vault sentinels
  13 elephants
  4 smoke demons
  A guardian serpent (shapeshifter) (D:15)
  A black mamba (shapeshifter) (Depths:4)
  2 gargoyles
  14 cane toads
  2 water nymphs (Swamp:3)
  2 unseen horrors
  A cane toad (shapeshifter) (D:15)
  6 rime drakes
  A tormentor (Depths:4)
  4 freezing wraiths
  3 ice devils (Depths:2)
  12 yaktaurs
  9 komodo dragons
  2 hellwings
  4 tengu conjurers
  An ancient zyme (Lair:5)
  A queen bee (D:13)
  9 trolls
  5 red devils
  A tengu simulacrum (Vaults:3)
  A merfolk (shapeshifter) (D:13)
  A troll (shapeshifter) (Lair:5)
  A bloated husk (Swamp:1)
  6 meliai
  Grinder (D:5)
  A tarantella (shapeshifter) (Vaults:3)
  11 hornets
  4 polar bears
  6 tyrant leeches
  12 dream sheep
  A dream sheep (shapeshifter) (Vaults:2)
  40 slime creatures
  18 blink frogs
  A jumping spider (Vaults:2)
  A culicivora (shapeshifter) (Vaults:5)
  Sigmund (D:4)
  39 yaks
  A spriggan (shapeshifter) (Vaults:5)
  An ettin skeleton (Vaults:2)
  5 water elementals
  7 wraiths
  A vampire (D:11)
  11 basilisks (Lair:5)
  3 fire elementals (Depths:2)
  5 wyverns
  A chaos spawn (Lair:5)
  A golden eye (shapeshifter) (D:13)
  2 ynoxinuls (Lair:5)
  A human (D:13)
  3 vampire mosquitoes
  8 steam dragons
  Menkaure (D:5)
  A neqoxec (Depths:2)
  A warg (shapeshifter) (Vaults:5)
  66 nagas
  21 swamp worms
  A human zombie (Vaults:3)
  7 water moccasins
  7 wargs
  Edmund (D:5)
  8 hydra simulacra (Depths:2)
  5 acid dragons
  2 hell hounds (Lair:5)
  3 black bears
  8 small abominations (Lair:5)
  A floating eye (shapeshifter) (Depths:4)
  8 swamp drakes
  47 orc warriors
  A sky beast (D:6)
  2 ice beasts
  15 ogres
  A human skeleton (Vaults:2)
  A centaur (D:8)
  2 kobold brigands (D:7)
  2 gnoll sergeants
  11 bullfrogs
  2 necrophages
  A scorpion (D:5)
  16 killer bees
  3 howler monkeys
  12 electric eels
  A lava snake (Swamp:4)
  3 hounds
  16 orc priests
  4 iguanas
  A jelly (D:6)
  2 gnoll boudas
  24 orc wizards
  7 hell rats (Lair:5)
  23 gnolls
  13 adders
  3 white imps
  An ufetubus (D:5)
  3 dart slugs
  110 orcs
  5 bats
  9 endoplasms
  8 giant cockroaches
  9 goblins
  6 hobgoblins
  6 quokkas
  12 ball pythons
  A bat (shapeshifter) (Depths:4)
  3 frilled lizards
  12 kobolds
  4 rats
  2 briar patches (Swamp:2)
1837 creatures vanquished.

Vanquished Creatures (collateral kills)
  An ancient lich (Vaults:5)
  An electric golem (Zot:4)
  2 hellephants (Depths:2)
  A walking crystal tome (Depths:1)
  Mlioglotl (Swamp:1)
  A walking frostbound tome (Depths:1)
  A tengu reaver (Vaults:5)
  Roxanne (D:15)
  A shadow dragon (Vaults:5)
  A storm dragon (Zot:2)
  A nargun (Depths:1)
  A rockslime (Zot:2)
  An ironbound thunderhulk (Vaults:3)
  A stone giant (Depths:1)
  A yaktaur captain (Vaults:5)
  2 hydras (D:11)
  A centaur warrior (Vaults:1)
  An ogre mage (D:11)
  An ironbound frostheart (Vaults:1)
  A spriggan berserker (Swamp:2)
  A hell knight (Vaults:5)
  A spriggan druid (Swamp:2)
  A swamp dragon (Swamp:4)
  A flayed ghost (Vaults:5)
  2 orc knights (Vaults:5)
  A large abomination (Lair:5)
  2 necromancers (Vaults:5)
  A slime creature (D:11)
  A redback (shapeshifter) (Vaults:3)
  A yak (D:11)
  A naga (Snake:3)
  2 orc warriors (Vaults:5)
  An electric eel (D:12)
  A howler monkey (D:11)
  4 orcs (Vaults:5)
43 creatures vanquished.

Vanquished Creatures (others)
  An ancient lich (Vaults:2)
  2 Orb Guardians (Zot:5)
  A fire giant (Depths:4)
  An ironbound preserver (Vaults:1)
  A green draconian (Zot:5)
  A hydra (Swamp:4)
  An alligator (Swamp:3)
  A wizard (Vaults:3)
  A lindwurm (Swamp:4)
  A deep elf pyromancer (D:13)
  A swamp dragon (Swamp:4)
  A black mamba (Snake:2)
  An unseen horror (D:11)
  A yaktaur (Vaults:3)
  A bloated husk (Swamp:1)
  A slime creature (Vaults:3)
  A troll (D:11)
  3 nagas
  A swamp drake (Swamp:4)
  An orc warrior (D:11)
  An orc priest (D:11)
  2 orc wizards
  3 orcs
  A briar patch (Swamp:2)
  13 bushes (Depths:3)
  18 foxfires
  30 fungi
  66 plants
157 creatures vanquished.

Grand Total: 2037 creatures vanquished

Notes
Turn   | Place    | Note
-------+----------+-------------------------------------------
     0 | D:1      | qw the Minotaur Berserker began the quest for the Orb.
     0 | D:1      | Reached XP level 1. HP: 19/19 MP: 0/0
     0 | D:1      | 0 ||| qw: Version: 0.1-a-113-g051387a
     0 | D:1      | 0 ||| qw: Game counter: 7086
     0 | D:1      | 0 ||| qw: Always use a shield: true
     0 | D:1      | 0 ||| qw: Do Orc after D:15 true
     0 | D:1      | 0 ||| qw: Do second Lair branch before Depths: true
     0 | D:1      | 0 ||| qw: Lair rune preference: random
     0 | D:1      | 0 ||| qw: Plans: Normal
     0 | D:1      | 0 ||| PLANNING D:1-11
    15 | D:1      | 15 ||| Stepping ~*~*~tactically~*~*~ (stealth).
   272 | D:1      | 272 ||| Stepping ~*~*~tactically~*~*~ (stealth).
   279 | D:1      | Reached XP level 2. HP: 23/26 MP: 1/1
   320 | D:1      | 320 ||| DROPPING +0 club.
   656 | D:1      | You fall into a shaft and drop 1 floor!
   754 | D:2      | 754 ||| Stepping ~*~*~tactically~*~*~ (stealth).
   758 | D:2      | Reached XP level 3. HP: 31/31 MP: 2/2
   784 | D:2      | Reached ** piety under Trog
   798 | D:2      | 798 ||| READING 3 scrolls labelled SURAHI EDECITY.
   799 | D:2      | 799 ||| READING scroll labelled WYSIAWEMEE.
   800 | D:2      | 800 ||| READING scroll labelled GIAWNU MEKONEU.
   801 | D:2      | 801 ||| READING scroll labelled PETEESKUGUF.
   802 | D:2      | 802 ||| READING scroll labelled LOGEVU TAAR.
   803 | D:2      | 803 ||| DROPPING 2 scrolls of noise.
  1020 | D:1      | Found a faded altar of an unknown god.
  1091 | D:1      | 1091 ||| UPGRADING to +0 leather armour.
  1101 | D:1      | 1101 ||| DROPPING +0 animal skin.
  1102 | D:1      | 1102 ||| READING scroll labelled HUSAFI KUAR.
  1103 | D:1      | 1103 ||| Stepping randomly (stuck).
  1104 | D:1      | 1104 ||| Stepping ~*~*~tactically~*~*~ (cloud).
  1113 | D:1      | HP: 7/31 [poisoned by you (poison gas)]
  1699 | D:2      | 1699 ||| Stepping ~*~*~tactically~*~*~ (hiding).
  1923 | D:2      | 1923 ||| Stepping ~*~*~tactically~*~*~ (stealth).
  1991 | D:2      | 1991 ||| UPGRADING to +0 scale mail.
  2001 | D:2      | 2001 ||| DROPPING +0 leather armour.
  2022 | D:3      | 2022 ||| PLANNING SEWER
  2040 | D:3      | Identified the +9 hand axe "Minotaur's Curse" {elec, Dex+5}
  2042 | D:3      | 2042 ||| SWAPPING to +9 hand axe "Minotaur's Curse" {elec,
                  | Dex+5}.
  2043 | D:3      | 2043 ||| DROPPING +0 hand axe.
  2146 | D:3      | 2146 ||| Stepping ~*~*~tactically~*~*~ (stealth).
  2149 | D:3      | Reached skill level 6 in Axes
  2149 | D:3      | Reached XP level 4. HP: 39/39 MP: 3/3
  2149 | D:3      | 2149 ||| INVOKING Berserk.
  2345 | D:3      | 2345 ||| INVOKING Berserk.
  2355 | D:3      | Reached XP level 5. HP: 20/45 MP: 4/4
  2355 | D:3      | HP: 13/67 [gnoll/+0 halberd (7)]
  2633 | D:3      | 2633 ||| Stepping ~*~*~tactically~*~*~ (stealth).
  2642 | D:3      | 2642 ||| Stepping ~*~*~tactically~*~*~ (stealth).
  2721 | D:3      | Found a glowing drain.
  2725 | D:3      | Reached *** piety under Trog
  2726 | D:3      | Reached skill level 4 in Fighting
  2767 | D:3      | 2767 ||| UPGRADING to +0 chain mail.
  2777 | D:3      | 2777 ||| DROPPING +0 scale mail.
  2778 | D:3      | 2778 ||| READING scroll labelled LUXUGR JISCH.
  2781 | D:3      | 2781 ||| DRINKING 2 ruby potions.
  2789 | D:3      | 2789 ||| RIP SEWER
  2832 | D:3      | 2832 ||| PLANNING D:1-11
  2994 | D:3      | 2994 ||| UPGRADING to +2 pair of boots.
  3031 | D:4      | Noticed Sigmund
  3034 | D:4      | 3034 ||| INVOKING Berserk.
  3037 | D:4      | Killed Sigmund
  3038 | D:4      | Reached XP level 6. HP: 52/52 MP: 5/5
  3249 | D:4      | Reached skill level 9 in Axes
  3291 | D:4      | Reached skill level 3 in Armour
  3501 | D:4      | 3501 ||| INVOKING Berserk.
  3658 | D:4      | 3658 ||| Stepping ~*~*~tactically~*~*~ (hiding).
  3662 | D:4      | 3662 ||| INVOKING Berserk.
  3664 | D:4      | Reached XP level 7. HP: 60/60 MP: 6/6
  3674 | D:4      | Reached skill level 5 in Fighting
  3683 | D:4      | 3683 ||| Stepping ~*~*~tactically~*~*~ (stealth).
  3918 | D:4      | Found a staircase to the Ecumenical Temple.
  4343 | D:4      | 4343 ||| DROPPING amulet of faith.
  4344 | D:4      | 4344 ||| READING 2 scrolls labelled CORIMAR QYTA.
  4345 | D:4      | 4345 ||| DRINKING 2 dark potions.
  4346 | D:4      | 4346 ||| DRINKING 4 glowing sapphire potions.
  4447 | D:4      | 4447 ||| DRINKING 3 bubbling pink potions.
  4448 | D:4      | 4448 ||| READING 2 scrolls of identify.
  4448 | D:4      | 4448 ||| IDENTIFYING silvery potion
  4449 | D:4      | 4449 ||| DROPPING potion of brilliance.
  4450 | D:4      | 4450 ||| DROPPING 3 potions of ambrosia.
  4451 | D:4      | 4451 ||| DROPPING scroll of magic mapping.
  4484 | D:5      | Entered Level 5 of the Dungeon
  4567 | D:5      | 4567 ||| DROPPING +0 whip.
  4830 | D:5      | 4830 ||| Stepping ~*~*~tactically~*~*~ (hiding).
  4854 | D:5      | Reached skill level 1 in Throwing
  4886 | D:5      | Identified the +8 whip "Zahinkig" {freeze, rN+++ rCorr
                  | Str-5 Int-5}
  4888 | D:5      | 4888 ||| DROPPING +8 whip "Zahinkig" {freeze, rN+++ rCorr
                  | Str-5 Int-5}.
  5015 | D:5      | Noticed Grinder
  5016 | D:5      | 5016 ||| INVOKING Trog's Hand.
  5019 | D:5      | 5019 ||| INVOKING Berserk.
  5022 | D:5      | Killed Grinder
  5023 | D:5      | Reached skill level 6 in Fighting
  5023 | D:5      | Reached XP level 8. HP: 71/71 MP: 7/7
  5194 | D:5      | Noticed Menkaure
  5195 | D:5      | 5195 ||| Stepping ~*~*~tactically~*~*~ (hiding).
  5198 | D:5      | 5198 ||| Stepping ~*~*~tactically~*~*~ (hiding).
  5204 | D:5      | 5204 ||| INVOKING Berserk.
  5208 | D:5      | Killed Menkaure
  5385 | D:5      | Noticed Edmund
  5389 | D:5      | 5389 ||| INVOKING Berserk.
  5391 | D:5      | Killed Edmund
  5520 | D:5      | 5520 ||| DROPPING +0 flail.
  5614 | D:5      | 5614 ||| UPGRADING to +0 tower shield.
  5619 | D:5      | 5619 ||| UPGRADING to +0 pair of gloves.
  5624 | D:5      | 5624 ||| UPGRADING to +6 ring of dexterity.
  5625 | D:5      | 5625 ||| READING 3 scrolls of identify.
  5625 | D:5      | 5625 ||| IDENTIFYING clear potion
  5626 | D:5      | 5626 ||| READING 2 scrolls of identify.
  5626 | D:5      | 5626 ||| IDENTIFYING cyan potion
  5627 | D:5      | 5627 ||| DRINKING potion of experience.
  5627 | D:5      | Reached XP level 9. HP: 78/78 MP: 8/8
  5823 | D:6      | Reached skill level 3 in Dodging
  5985 | D:6      | 5985 ||| INVOKING Berserk.
  6221 | D:6      | 6221 ||| Stepping ~*~*~tactically~*~*~ (stealth).
  6223 | D:6      | 6223 ||| Stepping ~*~*~tactically~*~*~ (hiding).
  6240 | D:6      | 6240 ||| INVOKING Berserk.
  6463 | D:6      | 6463 ||| UPGRADING to +0 plate armour.
  6473 | D:6      | 6473 ||| DROPPING +0 chain mail.
  6474 | D:6      | 6474 ||| READING scroll labelled TUNYH URHUFO.
  6475 | D:6      | 6475 ||| READING scroll labelled JAMILACOFO.
  6476 | D:6      | 6476 ||| DRINKING 2 inky potions.
  6601 | D:7      | 6601 ||| Stepping ~*~*~tactically~*~*~ (stealth).
  6603 | D:7      | 6603 ||| Stepping ~*~*~tactically~*~*~ (stealth).
  6614 | D:7      | Reached **** piety under Trog
  6626 | D:7      | 6626 ||| Stepping ~*~*~tactically~*~*~ (stealth).
  6628 | D:7      | 6628 ||| INVOKING Berserk.
  6685 | D:7      | 6685 ||| Stepping ~*~*~tactically~*~*~ (stealth).
  6686 | D:7      | 6686 ||| Stepping ~*~*~tactically~*~*~ (stealth).
  6689 | D:7      | 6689 ||| Stepping ~*~*~tactically~*~*~ (hiding).
  6814 | D:7      | 6814 ||| INVOKING Berserk.
  6977 | D:7      | Found a flagged portal.
  7022 | D:7      | 7022 ||| Stepping ~*~*~tactically~*~*~ (hiding).
  7029 | D:7      | 7029 ||| Stepping ~*~*~tactically~*~*~ (hiding).
  7030 | D:7      | 7030 ||| Stepping ~*~*~tactically~*~*~ (stealth).
  7051 | D:7      | 7051 ||| Stepping ~*~*~tactically~*~*~ (stealth).
  7062 | D:7      | 7062 ||| DRINKING 3 potions of curing.
  7062 | D:7      | 7062 ||| (to cure confusion)
  7104 | D:7      | 7104 ||| DROPPING +2 flail of venom.
  7217 | D:7      | Noticed a two-headed ogre
  7219 | D:7      | 7219 ||| INVOKING Berserk.
  7221 | D:7      | Killed a two-headed ogre
  7222 | D:7      | Reached skill level 12 in Axes
  7222 | D:7      | Reached XP level 10. HP: 84/84 MP: 9/9
  7354 | D:7      | Found Zupeis's Antique Weapon Shoppe.
  7361 | D:7      | 7361 ||| INVOKING Berserk.
  7676 | D:7      | Found a runed translucent door.
  7679 | D:7      | Noticed qw's ghost (novice GrFi)
  7766 | D:7      | 7766 ||| DRINKING 3 bubbling black potions.
  7801 | D:7      | 7801 ||| DRINKING 2 lumpy blue potions.
  7801 | D:7      | Gained mutation: Your flesh is heat resistant. (rF+)
                  | [potion of mutation]
  7801 | D:7      | Gained mutation: Your mind is acute. (Int +4, Str/Dex -1)
                  | [potion of mutation]
  7802 | D:7      | 7802 ||| READING 2 scrolls of identify.
  7802 | D:7      | 7802 ||| IDENTIFYING smoky grey potion
  7803 | D:7      | 7803 ||| DROPPING potion of flight.
  7804 | D:7      | 7804 ||| DROPPING 2 potions of lignification.
  7847 | D:8      | Noticed a cyclops
  7848 | D:8      | 7848 ||| INVOKING Berserk.
  7852 | D:8      | Killed a cyclops
  7853 | D:8      | Reached skill level 6 in Armour
  7858 | D:8      | Reached skill level 7 in Fighting
  8011 | D:8      | 8011 ||| Stepping ~*~*~tactically~*~*~ (hiding).
  8144 | D:8      | Noticed a two-headed ogre
  8148 | D:8      | 8148 ||| INVOKING Berserk.
  8150 | D:8      | Killed a two-headed ogre
  8344 | D:8      | 8344 ||| Stepping ~*~*~tactically~*~*~ (stealth).
  8357 | D:8      | 8357 ||| Stepping ~*~*~tactically~*~*~ (stealth).
  8379 | D:8      | 8379 ||| Stepping ~*~*~tactically~*~*~ (hiding).
  8385 | D:8      | 8385 ||| Stepping ~*~*~tactically~*~*~ (stealth).
  8541 | D:8      | 8541 ||| UPGRADING to ring of resist corrosion.
  8542 | D:8      | 8542 ||| READING scroll labelled DUZO GUGUS.
  8660 | D:9      | Identified the +9 mace "Kaypn" {flame, Str+4}
  8760 | D:9      | 8760 ||| INVOKING Berserk.
  8896 | D:9      | 8896 ||| Stepping ~*~*~tactically~*~*~ (hiding).
  8906 | D:9      | 8906 ||| INVOKING Berserk.
  9164 | D:9      | Noticed a two-headed ogre
  9165 | D:9      | 9165 ||| Stepping ~*~*~tactically~*~*~ (stealth).
  9170 | D:9      | Reached XP level 11. HP: 93/93 MP: 10/10
  9170 | D:9      | 9170 ||| INVOKING Berserk.
  9173 | D:9      | Killed a two-headed ogre
  9174 | D:9      | Reached skill level 8 in Fighting
  9439 | D:9      | Noticed a centaur warrior
  9555 | D:9      | 9555 ||| Stepping ~*~*~tactically~*~*~ (stealth).
  9558 | D:9      | 9558 ||| Stepping ~*~*~tactically~*~*~ (stealth).
  9719 | D:9      | 9719 ||| INVOKING Berserk.
  9723 | D:9      | Reached ***** piety under Trog
  9817 | D:9      | Received a gift from Trog
  9909 | D:9      | 9909 ||| SWAPPING to +3 broad axe.
  9910 | D:9      | 9910 ||| DROPPING +9 hand axe "Minotaur's Curse" {elec,
                  | Dex+5}.
  9992 | D:9      | 9992 ||| READING scroll labelled ZUK GUNOEHE.
  9993 | D:9      | 9993 ||| READING scroll labelled LAICU VEASY.
  9994 | D:9      | 9994 ||| READING 2 scrolls of identify.
  9994 | D:9      | 9994 ||| IDENTIFYING fizzy silvery potion
  9995 | D:9      | 9995 ||| DROPPING potion of degeneration.
 10029 | D:10     | Entered Level 10 of the Dungeon
 10030 | D:10     | 10030 ||| Stepping ~*~*~tactically~*~*~ (hiding).
 10038 | D:10     | 10038 ||| INVOKING Berserk.
 10257 | D:10     | 10257 ||| INVOKING Berserk.
 10287 | D:10     | 10287 ||| Stepping ~*~*~tactically~*~*~ (stealth).
 10337 | D:10     | 10337 ||| INVOKING Berserk.
 10565 | D:10     | Found a staircase to the Lair.
 10566 | D:10     | 10566 ||| INVOKING Berserk.
 10691 | D:10     | Found a staircase to the Orcish Mines.
 10742 | D:10     | 10742 ||| FLEEEEING.
 10743 | D:10     | 10743 ||| FLEEEEING.
 10744 | D:10     | 10744 ||| FLEEEEING.
 10745 | D:10     | 10745 ||| FLEEEEING.
 10746 | D:10     | 10746 ||| FLEEEEING.
 10747 | D:10     | 10747 ||| FLEEEEING.
 10748 | D:10     | 10748 ||| FLEEEEING.
 10749 | D:10     | 10749 ||| FLEEEEING.
 10757 | D:10     | 10757 ||| STAIRDANCE
 10869 | D:9      | 10869 ||| UPGRADING to amulet of the acrobat.
 10874 | D:9      | 10874 ||| READING scroll labelled GUTOININGE.
 11017 | D:10     | Found a glowing silver altar of Zin.
 11018 | D:10     | Found a basalt altar of Yredelemnul.
 11018 | D:10     | Noticed a two-headed ogre
 11020 | D:10     | 11020 ||| INVOKING Berserk.
 11022 | D:10     | Killed a two-headed ogre
 11172 | D:10     | 11172 ||| PLANNING LAIR
 11229 | Lair:1   | Entered Level 1 of the Lair of Beasts
 11236 | Lair:1   | Reached skill level 15 in Axes
 11428 | Lair:1   | 11428 ||| INVOKING Berserk.
 11433 | Lair:1   | Reached skill level 9 in Fighting
 11599 | Lair:1   | 11599 ||| INVOKING Berserk.
 11693 | Lair:1   | 11693 ||| INVOKING Berserk.
 11754 | Lair:1   | 11754 ||| INVOKING Berserk.
 11850 | Lair:1   | 11850 ||| INVOKING Berserk.
 12035 | Lair:1   | Noticed an eight-headed hydra
 12036 | Lair:1   | 12036 ||| INVOKING Brothers in Arms.
 12038 | Lair:1   | 12038 ||| INVOKING Berserk.
 12053 | Lair:1   | 12053 ||| SWAPPING to +0 morningstar.
 12054 | Lair:1   | Killed a 13-headed hydra
 12055 | Lair:1   | 12055 ||| SWAPPING to +3 broad axe.
 12221 | Lair:1   | 12221 ||| Stepping ~*~*~tactically~*~*~ (stealth).
 12225 | Lair:1   | 12225 ||| INVOKING Berserk.
 12320 | Lair:1   | 12320 ||| INVOKING Berserk.
 12324 | Lair:1   | Reached XP level 12. HP: 104/104 MP: 11/11
 12554 | Lair:1   | 12554 ||| INVOKING Berserk.
 12989 | Lair:1   | 12989 ||| READING scroll labelled JIP RAITTUEBU.
 13003 | Lair:2   | 13003 ||| STAIRDANCE
 13009 | Lair:2   | 13009 ||| INVOKING Berserk.
 13018 | Lair:2   | 13018 ||| STAIRDANCE
 13197 | Lair:2   | Noticed a boulder beetle
 13202 | Lair:2   | 13202 ||| INVOKING Berserk.
 13207 | Lair:2   | Killed a boulder beetle
 13496 | Lair:2   | 13496 ||| INVOKING Berserk.
 14272 | Lair:2   | 14272 ||| DROPPING ring of positive energy.
 14273 | Lair:2   | 14273 ||| UPGRADING to +4 ring of evasion.
 14275 | Lair:2   | 14275 ||| UPGRADING to +6 ring of dexterity.
 14277 | Lair:2   | 14277 ||| DROPPING ring of resist corrosion.
 14278 | Lair:2   | 14278 ||| READING scroll labelled XIOP HAMAL.
 14278 | Lair:2   | Identified a scroll of acquirement
 14278 | Lair:2   | 14278 ||| ACQUIRING +8 plate armour "Migusuen" {rPois
                  | Dex+9}
 14278 | Lair:2   | Acquired the +8 plate armour "Migusuen" {rPois Dex+9}
 14280 | Lair:2   | 14280 ||| UPGRADING to +8 plate armour "Migusuen" {rPois
                  | Dex+9}.
 14290 | Lair:2   | 14290 ||| DROPPING +0 plate armour.
 14291 | Lair:2   | 14291 ||| READING 2 scrolls of identify.
 14291 | Lair:2   | 14291 ||| IDENTIFYING murky silvery potion
 14292 | Lair:2   | 14292 ||| DROPPING potion of magic.
 14327 | Lair:3   | Found a staircase to the Snake Pit.
 14528 | Lair:3   | Found a staircase to the Swamp.
 14532 | Lair:3   | 14532 ||| INVOKING Berserk.
 14711 | Lair:3   | 14711 ||| Stepping ~*~*~tactically~*~*~ (stealth).
 14714 | Lair:3   | 14714 ||| Stepping ~*~*~tactically~*~*~ (stealth).
 14737 | Lair:3   | Reached skill level 6 in Dodging
 14883 | Lair:3   | You fall into a shaft and drop 1 floor!
 14892 | Lair:4   | Noticed a seven-headed hydra
 14895 | Lair:4   | 14895 ||| SWAPPING to +0 morningstar.
 14896 | Lair:4   | 14896 ||| INVOKING Berserk.
 14902 | Lair:4   | Killed a seven-headed hydra
 14960 | Lair:4   | 14960 ||| SWAPPING to +4 broad axe.
 15112 | Lair:3   | 15112 ||| INVOKING Berserk.
 15578 | Lair:4   | 15578 ||| READING scroll of acquirement.
 15578 | Lair:4   | 15578 ||| ACQUIRING amulet "Reonusirch" {RegenMP rN+}
 15578 | Lair:4   | Acquired the amulet "Reonusirch" {RegenMP rN+}
 15655 | Lair:4   | 15655 ||| INVOKING Berserk.
 15740 | Lair:4   | Found a viscous altar of Jiyva.
 15742 | Lair:4   | Found a staircase to the Slime Pits.
 15747 | Lair:4   | 15747 ||| INVOKING Berserk.
 15921 | Lair:4   | 15921 ||| Stepping ~*~*~tactically~*~*~ (stealth).
 15923 | Lair:4   | 15923 ||| Stepping ~*~*~tactically~*~*~ (stealth).
 15927 | Lair:4   | 15927 ||| Stepping ~*~*~tactically~*~*~ (stealth).
 15933 | Lair:4   | 15933 ||| Stepping ~*~*~tactically~*~*~ (stealth).
 15936 | Lair:4   | Reached skill level 10 in Fighting
 16013 | Lair:4   | 16013 ||| INVOKING Berserk.
 16173 | Lair:4   | Reached skill level 9 in Armour
 16284 | Lair:4   | 16284 ||| READING scroll of enchant armour.
 16284 | Lair:4   | 16284 ||| ENCHANTING +0 pair of gloves.
 16344 | Lair:4   | Reached skill level 15 in Shields
 16741 | Lair:4   | 16741 ||| DROPPING ring of willpower.
 16742 | Lair:4   | 16742 ||| DROPPING +6 ring of intelligence.
 16743 | Lair:4   | 16743 ||| READING 2 scrolls of identify.
 16743 | Lair:4   | 16743 ||| IDENTIFYING coppery potion
 16744 | Lair:4   | 16744 ||| DROPPING potion of attraction.
 16976 | Lair:5   | Entered Level 5 of the Lair of Beasts
 16985 | Lair:5   | 16985 ||| INVOKING Berserk.
 16988 | Lair:5   | Reached XP level 13. HP: 113/113 MP: 12/12
 17116 | Lair:5   | 17116 ||| Stepping ~*~*~tactically~*~*~ (stealth).
 17251 | Lair:5   | Noticed Urug
 17252 | Lair:5   | 17252 ||| Stepping ~*~*~tactically~*~*~ (hiding).
 17260 | Lair:5   | 17260 ||| Stepping ~*~*~tactically~*~*~ (stealth).
 17265 | Lair:5   | 17265 ||| INVOKING Berserk.
 17265 | Lair:5   | Noticed Josephine
 17269 | Lair:5   | Killed Urug
 17277 | Lair:5   | Reached skill level 18 in Axes
 17289 | Lair:5   | Killed Josephine
 17322 | Lair:5   | 17322 ||| DRINKING 2 potions of cancellation.
 17323 | Lair:5   | 17323 ||| DRINKING potion of cancellation.
 17334 | Lair:5   | 17334 ||| INVOKING Berserk.
 17383 | Lair:5   | HP: 28/114 [water moccasin (1)]
 17385 | Lair:5   | 17385 ||| INVOKING Berserk.
 17389 | Lair:5   | HP: 38/172 [rime drake/flash freeze (1)]
 17391 | Lair:5   | Reached skill level 11 in Fighting
 17407 | Lair:5   | 17407 ||| READING 6 scrolls of teleportation.
 17408 | Lair:5   | 17408 ||| DRINKING 3 potions of heal wounds.
 17944 | Lair:5   | 17944 ||| Stepping ~*~*~tactically~*~*~ (hiding).
 18013 | Lair:5   | 18013 ||| Stepping ~*~*~tactically~*~*~ (hiding).
 18056 | Lair:5   | 18056 ||| INVOKING Berserk.
 18202 | Lair:5   | 18202 ||| Stepping ~*~*~tactically~*~*~ (stealth).
 18204 | Lair:5   | 18204 ||| Stepping ~*~*~tactically~*~*~ (stealth).
 18207 | Lair:5   | 18207 ||| Stepping ~*~*~tactically~*~*~ (stealth).
 18208 | Lair:5   | 18208 ||| Stepping ~*~*~tactically~*~*~ (stealth).
 18217 | Lair:5   | Reached skill level 3 in Throwing
 18229 | Lair:5   | 18229 ||| Stepping ~*~*~tactically~*~*~ (stealth).
 18231 | Lair:5   | 18231 ||| Stepping ~*~*~tactically~*~*~ (hiding).
 18235 | Lair:5   | 18235 ||| INVOKING Berserk.
 18254 | Lair:5   | 18254 ||| INVOKING Brothers in Arms.
 18263 | Lair:5   | 18263 ||| INVOKING Brothers in Arms.
 18264 | Lair:5   | 18264 ||| INVOKING Brothers in Arms.
 18607 | Lair:5   | Identified the +8 rapier "Dopeuzado" {vorpal, rF- Int+5}
 18620 | Lair:5   | 18620 ||| INVOKING Berserk.
 18643 | Lair:5   | Reached XP level 14. HP: 124/124 MP: 13/13
 18746 | Lair:5   | 18746 ||| Stepping ~*~*~tactically~*~*~ (stealth).
 18749 | Lair:5   | 18749 ||| Stepping ~*~*~tactically~*~*~ (stealth).
 18773 | Lair:5   | 18773 ||| Stepping ~*~*~tactically~*~*~ (stealth).
 18816 | Lair:5   | Found a corrupted altar of Lugonu.
 18816 | Lair:5   | Found a one-way gate to the infinite horrors of the Abyss.
 18918 | Lair:5   | 18918 ||| INVOKING Brothers in Arms.
 18920 | Lair:5   | 18920 ||| SWAPPING to +0 morningstar.
 18922 | Lair:5   | 18922 ||| INVOKING Berserk.
 18983 | Lair:5   | 18983 ||| SWAPPING to +4 broad axe.
 19044 | Lair:5   | 19044 ||| INVOKING Berserk.
 19354 | Lair:5   | 19354 ||| Stepping ~*~*~tactically~*~*~ (stealth).
 19362 | Lair:5   | 19362 ||| INVOKING Berserk.
 19364 | Lair:5   | Reached skill level 12 in Fighting
 19388 | Lair:5   | 19388 ||| Stepping ~*~*~tactically~*~*~ (stealth).
 19496 | Lair:5   | 19496 ||| INVOKING Berserk.
 19616 | Lair:5   | 19616 ||| READING scroll of enchant armour.
 19616 | Lair:5   | 19616 ||| ENCHANTING +1 pair of gloves.
 19617 | Lair:5   | 19617 ||| PLANNING D:1-11
 19617 | Lair:5   | 19617 ||| READING 2 scrolls of identify.
 19617 | Lair:5   | 19617 ||| IDENTIFYING green potion
 19618 | Lair:5   | 19618 ||| DROPPING potion of invisibility.
 19846 | D:11     | 19846 ||| Stepping ~*~*~tactically~*~*~ (stealth).
 19847 | D:11     | 19847 ||| INVOKING Brothers in Arms.
 19848 | D:11     | 19848 ||| SWAPPING to +0 morningstar.
 19849 | D:11     | 19849 ||| INVOKING Berserk.
 19866 | D:11     | 19866 ||| SWAPPING to +4 broad axe.
 19894 | D:11     | 19894 ||| FLEEEEING.
 20051 | D:11     | 20051 ||| Stepping ~*~*~tactically~*~*~ (stealth).
 20052 | D:11     | 20052 ||| Stepping ~*~*~tactically~*~*~ (stealth).
 20055 | D:11     | 20055 ||| Stepping ~*~*~tactically~*~*~ (stealth).
 20113 | D:11     | 20113 ||| Stepping ~*~*~tactically~*~*~ (stealth).
 20123 | D:11     | 20123 ||| Stepping ~*~*~tactically~*~*~ (stealth).
 20231 | D:11     | 20231 ||| Stepping ~*~*~tactically~*~*~ (stealth).
 20301 | D:11     | Found a shimmering altar of Xom.
 20524 | D:11     | 20524 ||| Stepping ~*~*~tactically~*~*~ (stealth).
 20525 | D:11     | 20525 ||| Stepping ~*~*~tactically~*~*~ (stealth).
 20533 | D:11     | 20533 ||| Stepping randomly (disturbance).
 20796 | D:11     | 20796 ||| PLANNING D
 20796 | D:11     | 20796 ||| UPGRADING to amulet of reflection.
 20806 | D:11     | 20806 ||| DROPPING amulet of the acrobat.
 20807 | D:11     | 20807 ||| DROPPING amulet "Reonusirch" {RegenMP rN+}.
 20808 | D:11     | 20808 ||| UPGRADING to +4 ring of evasion.
 20810 | D:11     | 20810 ||| DROPPING +6 ring of dexterity.
 21116 | D:12     | Found a runed translucent door.
 21117 | D:12     | Found a shimmering altar of Xom.
 21117 | D:12     | Noticed squishfish's ghost (journeyman TrMo)
 21221 | D:12     | 21221 ||| Stepping ~*~*~tactically~*~*~ (hiding).
 21266 | D:12     | 21266 ||| INVOKING Berserk.
 21377 | D:12     | Found the amulet of Vitality {RegenMP++ Regen++}
 21647 | D:12     | 21647 ||| FLEEEEING.
 21648 | D:12     | 21648 ||| FLEEEEING.
 21649 | D:12     | 21649 ||| FLEEEEING.
 21650 | D:12     | 21650 ||| FLEEEEING.
 21651 | D:12     | 21651 ||| FLEEEEING.
 21652 | D:12     | 21652 ||| FLEEEEING.
 21653 | D:12     | 21653 ||| FLEEEEING.
 21654 | D:12     | 21654 ||| FLEEEEING.
 21655 | D:12     | 21655 ||| FLEEEEING.
 21656 | D:12     | 21656 ||| FLEEEEING.
 21657 | D:12     | 21657 ||| FLEEEEING.
 21658 | D:12     | 21658 ||| INVOKING Berserk.
 21668 | D:12     | 21668 ||| INVOKING Brothers in Arms.
 21933 | D:12     | 21933 ||| FLEEEEING.
 21934 | D:12     | 21934 ||| FLEEEEING.
 21935 | D:12     | 21935 ||| FLEEEEING.
 21936 | D:12     | 21936 ||| FLEEEEING.
 21937 | D:12     | 21937 ||| FLEEEEING.
 21938 | D:12     | 21938 ||| FLEEEEING.
 21939 | D:12     | 21939 ||| FLEEEEING.
 21940 | D:12     | 21940 ||| FLEEEEING.
 21942 | D:12     | 21942 ||| FLEEEEING.
 21943 | D:12     | 21943 ||| FLEEEEING.
 21944 | D:12     | 21944 ||| FLEEEEING.
 21945 | D:12     | 21945 ||| FLEEEEING.
 21946 | D:12     | 21946 ||| FLEEEEING.
 21947 | D:12     | 21947 ||| FLEEEEING.
 21948 | D:12     | 21948 ||| FLEEEEING.
 21949 | D:12     | 21949 ||| FLEEEEING.
 21950 | D:12     | 21950 ||| FLEEEEING.
 21951 | D:12     | 21951 ||| FLEEEEING.
 21952 | D:12     | 21952 ||| FLEEEEING.
 21953 | D:12     | 21953 ||| FLEEEEING.
 21954 | D:12     | 21954 ||| FLEEEEING.
 21955 | D:12     | 21955 ||| FLEEEEING.
 21956 | D:12     | 21956 ||| FLEEEEING.
 21957 | D:12     | 21957 ||| FLEEEEING.
 22175 | D:12     | Found a portal to a secret trove of treasure.
 22294 | D:12     | Reached skill level 13 in Fighting
 22839 | D:12     | 22839 ||| READING scroll labelled WOGRUWK KUDDE.
 23056 | D:13     | 23056 ||| STAIRDANCE
 23085 | D:13     | 23085 ||| STAIRDANCE
 23108 | D:13     | 23108 ||| STAIRDANCE
 23170 | D:13     | 23170 ||| STAIRDANCE
 23261 | D:13     | 23261 ||| INVOKING Trog's Hand.
 23262 | D:13     | 23262 ||| INVOKING Berserk.
 23306 | D:13     | Noticed Frances
 23306 | D:13     | 23306 ||| Stepping ~*~*~tactically~*~*~ (stealth).
 23314 | D:13     | 23314 ||| INVOKING Berserk.
 23322 | D:13     | Killed Frances
 23323 | D:13     | Reached skill level 12 in Armour
 23383 | D:13     | 23383 ||| Stepping ~*~*~tactically~*~*~ (stealth).
 23507 | D:13     | 23507 ||| Stepping ~*~*~tactically~*~*~ (stealth).
 23515 | D:13     | 23515 ||| Stepping ~*~*~tactically~*~*~ (stealth).
 23550 | D:13     | Found a gate to the Vaults.
 23764 | D:13     | 23764 ||| Stepping ~*~*~tactically~*~*~ (hiding).
 23768 | D:13     | 23768 ||| Stepping ~*~*~tactically~*~*~ (water).
 23821 | D:13     | Reached skill level 6 in Throwing
 23865 | D:13     | Reached XP level 15. HP: 130/135 MP: 14/14
 23929 | D:13     | 23929 ||| INVOKING Berserk.
 24144 | D:13     | 24144 ||| INVOKING Trog's Hand.
 24483 | D:13     | 24483 ||| Stepping ~*~*~tactically~*~*~ (stealth).
 24626 | D:14     | 24626 ||| Stepping ~*~*~tactically~*~*~ (hiding).
 24627 | D:14     | 24627 ||| FLEEEEING.
 24629 | D:14     | 24629 ||| INVOKING Trog's Hand.
 24638 | D:14     | 24638 ||| INVOKING Berserk.
 24669 | D:14     | Reached skill level 14 in Fighting
 24852 | D:14     | 24852 ||| READING 2 scrolls of enchant weapon.
 24852 | D:14     | 24852 ||| ENCHANTING +4 broad axe.
 24853 | D:14     | 24853 ||| READING scroll of enchant weapon.
 24853 | D:14     | 24853 ||| ENCHANTING +5 broad axe.
 25124 | D:15     | Entered Level 15 of the Dungeon
 25125 | D:15     | Noticed Roxanne
 25126 | D:15     | 25126 ||| INVOKING Brothers in Arms.
 25132 | D:15     | 25132 ||| INVOKING Berserk.
 25140 | D:15     | Killed Roxanne
 25141 | D:15     | Reached skill level 18 in Shields
 25257 | D:15     | 25257 ||| Stepping ~*~*~tactically~*~*~ (hiding).
 25434 | D:15     | 25434 ||| INVOKING Brothers in Arms.
 25435 | D:15     | 25435 ||| INVOKING Brothers in Arms.
 25437 | D:15     | 25437 ||| INVOKING Trog's Hand.
 25439 | D:15     | 25439 ||| INVOKING Berserk.
 25570 | D:15     | Found a staircase to the Depths.
 25591 | D:15     | 25591 ||| INVOKING Berserk.
 25767 | D:15     | 25767 ||| Stepping ~*~*~tactically~*~*~ (stealth).
 25768 | D:15     | 25768 ||| Stepping ~*~*~tactically~*~*~ (stealth).
 25769 | D:15     | 25769 ||| Stepping ~*~*~tactically~*~*~ (stealth).
 25777 | D:15     | 25777 ||| INVOKING Trog's Hand.
 25783 | D:15     | Reached skill level 9 in Dodging
 25783 | D:15     | 25783 ||| Stepping ~*~*~tactically~*~*~ (hiding).
 25813 | D:15     | 25813 ||| Stepping ~*~*~tactically~*~*~ (hiding).
 25818 | D:15     | 25818 ||| INVOKING Berserk.
 25833 | D:15     | Reached skill level 15 in Fighting
 25834 | D:15     | HP: 49/211 [??? (46)]
 25837 | D:15     | HP: 15/211 [mirror damage (11)]
 26482 | D:15     | 26482 ||| PLANNING ORC
 26596 | Orc:1    | Entered Level 1 of the Orcish Mines
 26597 | Orc:1    | 26597 ||| INVOKING Trog's Hand.
 26602 | Orc:1    | 26602 ||| INVOKING Berserk.
 26778 | Orc:1    | 26778 ||| Stepping ~*~*~tactically~*~*~ (hiding).
 26907 | Orc:2    | Entered Level 2 of the Orcish Mines
 26908 | Orc:2    | 26908 ||| STAIRDANCE
 26940 | Orc:2    | 26940 ||| STAIRDANCE
 26948 | Orc:2    | 26948 ||| STAIRDANCE
 26956 | Orc:2    | 26956 ||| STAIRDANCE
 26974 | Orc:2    | 26974 ||| STAIRDANCE
 26978 | Orc:2    | 26978 ||| STAIRDANCE
 27044 | Orc:2    | 27044 ||| STAIRDANCE
 27049 | Orc:2    | 27049 ||| INVOKING Trog's Hand.
 27050 | Orc:2    | 27050 ||| STAIRDANCE
 27067 | Orc:2    | 27067 ||| INVOKING Trog's Hand.
 27068 | Orc:2    | 27068 ||| INVOKING Berserk.
 27084 | Orc:2    | 27084 ||| Stepping ~*~*~tactically~*~*~ (stealth).
 27085 | Orc:2    | 27085 ||| Stepping ~*~*~tactically~*~*~ (stealth).
 27087 | Orc:2    | 27087 ||| Stepping ~*~*~tactically~*~*~ (hiding).
 27321 | Orc:2    | 27321 ||| Stepping ~*~*~tactically~*~*~ (stealth).
 27322 | Orc:2    | 27322 ||| Stepping ~*~*~tactically~*~*~ (stealth).
 27330 | Orc:2    | 27330 ||| Stepping ~*~*~tactically~*~*~ (hiding).
 27442 | Orc:2    | Found Xal Neukh's Weapon Shop.
 27453 | Orc:2    | 27453 ||| BUYING +5 vampiric war axe (487 gold).
 27453 | Orc:2    | Bought a +5 vampiric war axe for 487 gold pieces
 27453 | Orc:2    | 27453 ||| BUYING +8 morningstar of Tyaqyev {venom, Int-4
                  | Dex+4} (673 gold).
 27453 | Orc:2    | Bought the +8 morningstar of Tyaqyev {venom, Int-4 Dex+4}
                  | for 673 gold pieces
 27453 | Orc:2    | 27453 ||| SWAPPING to +5 vampiric war axe.
 27454 | Orc:2    | 27454 ||| DROPPING +0 morningstar.
 27455 | Orc:2    | 27455 ||| DROPPING +6 broad axe.
 27474 | Orc:2    | 27474 ||| Stepping ~*~*~tactically~*~*~ (stealth).
 27481 | Orc:2    | 27481 ||| INVOKING Berserk.
 27506 | Orc:2    | Found Ytitz's Antique Armour Shoppe.
 27506 | Orc:2    | Found Wes Dorph's Magic Scroll Boutique.
 27515 | Orc:2    | 27515 ||| INVOKING Brothers in Arms.
 27585 | Orc:2    | 27585 ||| Stepping ~*~*~tactically~*~*~ (stealth).
 27586 | Orc:2    | 27586 ||| Stepping ~*~*~tactically~*~*~ (stealth).
 27606 | Orc:2    | 27606 ||| BUYING 2 scrolls of teleportation (72 gold).
 27606 | Orc:2    | Bought 2 scrolls of teleportation for 72 gold pieces
 27606 | Orc:2    | 27606 ||| BUYING scroll of enchant armour (90 gold).
 27606 | Orc:2    | Bought a scroll of enchant armour for 90 gold pieces
 27609 | Orc:2    | 27609 ||| Stepping ~*~*~tactically~*~*~ (stealth).
 27610 | Orc:2    | 27610 ||| Stepping ~*~*~tactically~*~*~ (stealth).
 27635 | Orc:2    | 27635 ||| Stepping ~*~*~tactically~*~*~ (stealth).
 27659 | Orc:2    | 27659 ||| INVOKING Berserk.
 27784 | Orc:2    | 27784 ||| Stepping ~*~*~tactically~*~*~ (hiding).
 27784 | Orc:2    | Found a runed translucent gate.
 27784 | Orc:2    | Found a runed translucent gate.
 27785 | Orc:2    | 27785 ||| Stepping ~*~*~tactically~*~*~ (hiding).
 27786 | Orc:2    | 27786 ||| Stepping ~*~*~tactically~*~*~ (hiding).
 27787 | Orc:2    | 27787 ||| INVOKING Berserk.
 27908 | Orc:2    | Found a staircase to the Elven Halls.
 27910 | Orc:2    | Found a runed translucent gate.
 28025 | Orc:2    | 28025 ||| Stepping ~*~*~tactically~*~*~ (stealth).
 28027 | Orc:2    | 28027 ||| Stepping ~*~*~tactically~*~*~ (hiding).
 28164 | Orc:2    | Found Gadout's Specific Store.
 28164 | Orc:2    | Found Opruypt's General Store.
 28169 | Orc:2    | 28169 ||| INVOKING Trog's Hand.
 28172 | Orc:2    | 28172 ||| INVOKING Berserk.
 28188 | Orc:2    | 28188 ||| INVOKING Brothers in Arms.
 28189 | Orc:2    | 28189 ||| INVOKING Brothers in Arms.
 28309 | Orc:2    | 28309 ||| BUYING potion of heal wounds (70 gold).
 28309 | Orc:2    | Bought a potion of heal wounds for 70 gold pieces
 28321 | Orc:2    | 28321 ||| Stepping ~*~*~tactically~*~*~ (hiding).
 28323 | Orc:2    | 28323 ||| INVOKING Trog's Hand.
 28325 | Orc:2    | 28325 ||| INVOKING Berserk.
 28542 | Orc:2    | 28542 ||| Stepping ~*~*~tactically~*~*~ (stealth).
 28543 | Orc:2    | 28543 ||| Stepping ~*~*~tactically~*~*~ (stealth).
 28545 | Orc:2    | 28545 ||| Stepping ~*~*~tactically~*~*~ (stealth).
 28557 | Orc:2    | 28557 ||| Stepping ~*~*~tactically~*~*~ (stealth).
 28564 | Orc:2    | 28564 ||| Stepping ~*~*~tactically~*~*~ (stealth).
 28570 | Orc:2    | 28570 ||| Stepping ~*~*~tactically~*~*~ (stealth).
 28584 | Orc:2    | 28584 ||| Stepping ~*~*~tactically~*~*~ (hiding).
 28602 | Orc:2    | 28602 ||| FLEEEEING.
 28603 | Orc:2    | 28603 ||| Stepping ~*~*~tactically~*~*~ (hiding).
 28605 | Orc:2    | 28605 ||| Stepping ~*~*~tactically~*~*~ (hiding).
 28640 | Orc:2    | 28640 ||| Stepping ~*~*~tactically~*~*~ (hiding).
 28641 | Orc:2    | 28641 ||| Stepping ~*~*~tactically~*~*~ (hiding).
 28655 | Orc:2    | 28655 ||| INVOKING Berserk.
 28711 | Orc:2    | Found Jyckucee's Antique Weapon Shoppe.
 28711 | Orc:2    | Found Woesuf's General Store.
 28719 | Orc:2    | 28719 ||| BUYING scroll of enchant armour (90 gold).
 28719 | Orc:2    | Bought a scroll of enchant armour for 90 gold pieces
 28737 | Orc:2    | 28737 ||| BUYING runed broad axe (252 gold).
 28737 | Orc:2    | Bought a runed broad axe for 252 gold pieces
 28737 | Orc:2    | 28737 ||| DROPPING +2 vorpal broad axe.
 28788 | Orc:2    | Noticed qw's ghost (adept GrFi)
 28812 | Orc:2    | Found an iron altar of Okawaru.
 28839 | Orc:2    | 28839 ||| Stepping ~*~*~tactically~*~*~ (stealth).
 28842 | Orc:2    | 28842 ||| Stepping ~*~*~tactically~*~*~ (stealth).
 28885 | Orc:1    | 28885 ||| INVOKING Trog's Hand.
 28887 | Orc:1    | 28887 ||| INVOKING Berserk.
 29246 | Orc:1    | Found Peumom's Assorted Antiques.
 29298 | Orc:1    | 29298 ||| Stepping ~*~*~tactically~*~*~ (stealth).
 29300 | Orc:1    | 29300 ||| Stepping ~*~*~tactically~*~*~ (hiding).
 29301 | Orc:1    | 29301 ||| Stepping ~*~*~tactically~*~*~ (hiding).
 29353 | Orc:1    | 29353 ||| BUYING potion of heal wounds (115 gold).
 29353 | Orc:1    | Bought a potion of heal wounds for 115 gold pieces
 29353 | Orc:1    | 29353 ||| BUYING scroll of enchant weapon (172 gold).
 29353 | Orc:1    | Bought a scroll of enchant weapon for 172 gold pieces
 29353 | Orc:1    | 29353 ||| BUYING scroll of teleportation (69 gold).
 29353 | Orc:1    | Bought a scroll of teleportation for 69 gold pieces
 29353 | Orc:1    | 29353 ||| READING scroll of enchant weapon.
 29353 | Orc:1    | 29353 ||| ENCHANTING +5 vampiric war axe.
 29354 | Orc:1    | 29354 ||| PLANNING SWAMP:1-3
 29521 | Swamp:1  | Entered Level 1 of the Swamp
 29523 | Swamp:1  | 29523 ||| INVOKING Berserk.
 29650 | Swamp:1  | 29650 ||| INVOKING Berserk.
 29655 | Swamp:1  | Reached XP level 16. HP: 149/149 MP: 15/15
 29782 | Swamp:1  | 29782 ||| Stepping ~*~*~tactically~*~*~ (hiding).
 29817 | Swamp:1  | 29817 ||| Stepping ~*~*~tactically~*~*~ (cloud).
 30095 | Swamp:1  | 30095 ||| Stepping ~*~*~tactically~*~*~ (water).
 30247 | Swamp:1  | Received a gift from Trog
 30315 | Swamp:1  | 30315 ||| Stepping ~*~*~tactically~*~*~ (stealth).
 30346 | Swamp:1  | 30346 ||| Stepping ~*~*~tactically~*~*~ (stealth).
 30366 | Swamp:1  | Reached skill level 16 in Fighting
 30383 | Swamp:1  | 30383 ||| Stepping ~*~*~tactically~*~*~ (cloud).
 30547 | Swamp:1  | 30547 ||| Stepping ~*~*~tactically~*~*~ (stealth).
 30657 | Swamp:1  | 30657 ||| DROPPING +8 morningstar of Tyaqyev {venom, Int-4
                  | Dex+4}.
 30787 | Swamp:1  | 30787 ||| INVOKING Berserk.
 30925 | Swamp:1  | 30925 ||| Stepping ~*~*~tactically~*~*~ (hiding).
 30929 | Swamp:1  | Noticed Mlioglotl
 30930 | Swamp:1  | 30930 ||| INVOKING Brothers in Arms.
 30931 | Swamp:1  | 30931 ||| INVOKING Brothers in Arms.
 30934 | Swamp:1  | 30934 ||| UPGRADING to +2 tower shield.
 30938 | Swamp:1  | 30938 ||| INVOKING Brothers in Arms.
 30941 | Swamp:1  | Killed Mlioglotl
 31004 | Swamp:1  | 31004 ||| UPGRADING to +2 tower shield.
 31014 | Swamp:1  | 31014 ||| DROPPING +0 tower shield.
 31037 | Swamp:1  | 31037 ||| READING scroll of enchant weapon.
 31037 | Swamp:1  | 31037 ||| ENCHANTING +6 vampiric war axe.
 31105 | Swamp:1  | You fall into a shaft and drop 1 floor!
 31106 | Swamp:2  | 31106 ||| INVOKING Brothers in Arms.
 31107 | Swamp:2  | 31107 ||| INVOKING Berserk.
 31379 | Swamp:2  | 31379 ||| Stepping ~*~*~tactically~*~*~ (stealth).
 31380 | Swamp:2  | 31380 ||| INVOKING Berserk.
 31414 | Swamp:2  | 31414 ||| Stepping ~*~*~tactically~*~*~ (stealth).
 31419 | Swamp:2  | 31419 ||| Stepping ~*~*~tactically~*~*~ (stealth).
 31422 | Swamp:2  | 31422 ||| INVOKING Berserk.
 31478 | Swamp:2  | 31478 ||| DROPPING ring of magical power.
 31490 | Swamp:3  | 31490 ||| INVOKING Berserk.
 31612 | Swamp:3  | 31612 ||| INVOKING Berserk.
 31777 | Swamp:3  | 31777 ||| SWAPPING to +0 eveningstar of protection.
 31778 | Swamp:3  | 31778 ||| INVOKING Berserk.
 31786 | Swamp:3  | 31786 ||| SWAPPING to +7 vampiric war axe.
 31916 | Swamp:3  | Reached skill level 17 in Fighting
 31937 | Swamp:3  | 31937 ||| Stepping ~*~*~tactically~*~*~ (water).
 31978 | Swamp:3  | 31978 ||| INVOKING Berserk.
 31993 | Swamp:3  | 31993 ||| Stepping ~*~*~tactically~*~*~ (stealth).
 32009 | Swamp:3  | 32009 ||| FLEEEEING.
 32010 | Swamp:3  | 32010 ||| FLEEEEING.
 32011 | Swamp:3  | 32011 ||| FLEEEEING.
 32012 | Swamp:3  | 32012 ||| FLEEEEING.
 32013 | Swamp:3  | 32013 ||| FLEEEEING.
 32037 | Swamp:3  | 32037 ||| INVOKING Berserk.
 32044 | Swamp:3  | 32044 ||| Stepping ~*~*~tactically~*~*~ (water).
 32167 | Swamp:3  | 32167 ||| INVOKING Berserk.
 32263 | Swamp:3  | 32263 ||| INVOKING Berserk.
 32279 | Swamp:3  | Reached skill level 15 in Armour
 32408 | Swamp:3  | 32408 ||| Stepping ~*~*~tactically~*~*~ (hiding).
 32409 | Swamp:3  | 32409 ||| Stepping ~*~*~tactically~*~*~ (hiding).
 32412 | Swamp:3  | 32412 ||| INVOKING Berserk.
 32873 | Swamp:2  | 32873 ||| Stepping ~*~*~tactically~*~*~ (water).
 32940 | Swamp:1  | 32940 ||| INVOKING Berserk.
 33176 | Swamp:1  | 33176 ||| Stepping ~*~*~tactically~*~*~ (water).
 33249 | Swamp:2  | 33249 ||| INVOKING Berserk.
 33438 | Swamp:2  | 33438 ||| FLEEEEING.
 33439 | Swamp:2  | 33439 ||| FLEEEEING.
 33440 | Swamp:2  | 33440 ||| FLEEEEING.
 33489 | Swamp:2  | Noticed a thorn hunter
 33503 | Swamp:2  | 33503 ||| INVOKING Berserk.
 33510 | Swamp:2  | Killed a thorn hunter
 33725 | Swamp:2  | 33725 ||| Stepping ~*~*~tactically~*~*~ (hiding).
 33726 | Swamp:2  | 33726 ||| Stepping ~*~*~tactically~*~*~ (hiding).
 33798 | Swamp:2  | 33798 ||| INVOKING Berserk.
 34322 | Swamp:2  | 34322 ||| PLANNING SNAKE:1-3
 34423 | Snake:1  | Entered Level 1 of the Snake Pit
 34496 | Snake:1  | 34496 ||| Stepping ~*~*~tactically~*~*~ (hiding).
 34499 | Snake:1  | 34499 ||| Stepping ~*~*~tactically~*~*~ (hiding).
 34500 | Snake:1  | 34500 ||| Stepping ~*~*~tactically~*~*~ (hiding).
 34509 | Snake:1  | 34509 ||| Stepping ~*~*~tactically~*~*~ (stealth).
 34534 | Snake:1  | 34534 ||| Stepping ~*~*~tactically~*~*~ (hiding).
 34538 | Snake:1  | 34538 ||| Stepping ~*~*~tactically~*~*~ (stealth).
 34544 | Snake:1  | Reached XP level 17. HP: 162/162 MP: 16/16
 34559 | Snake:1  | 34559 ||| INVOKING Berserk.
 34608 | Snake:1  | 34608 ||| Stepping ~*~*~tactically~*~*~ (stealth).
 34609 | Snake:1  | 34609 ||| Stepping ~*~*~tactically~*~*~ (stealth).
 34688 | Snake:1  | 34688 ||| Stepping ~*~*~tactically~*~*~ (hiding).
 34753 | Snake:1  | Reached skill level 18 in Fighting
 34864 | Snake:1  | 34864 ||| INVOKING Berserk.
 35043 | Snake:1  | 35043 ||| Stepping ~*~*~tactically~*~*~ (hiding).
 35249 | Snake:1  | 35249 ||| Stepping ~*~*~tactically~*~*~ (hiding).
 35250 | Snake:1  | 35250 ||| Stepping ~*~*~tactically~*~*~ (stealth).
 35416 | Snake:1  | 35416 ||| READING scroll of enchant weapon.
 35416 | Snake:1  | 35416 ||| ENCHANTING +7 vampiric war axe.
 35505 | Snake:1  | Found Afi Xuse's Book Boutique.
 35505 | Snake:1  | Found Yvudaocs's Jewellery Emporium.
 35506 | Snake:1  | Found Tozizola's Jewellery Emporium.
 35512 | Snake:1  | 35512 ||| SHOPLISTING amulet "Itoqyqof" {Reflect Dex+5
                  | SH+5} (760 gold, have 645).
 35512 | Snake:1  | 35512 ||| BUYING ring of poison resistance (320 gold).
 35512 | Snake:1  | Bought a ring of poison resistance for 320 gold pieces
 35516 | Snake:1  | 35516 ||| SHOPLISTING ring of Incredulity {rC+ Dex+4} (646
                  | gold, have 325).
 35516 | Snake:1  | 35516 ||| SHOPLISTING ring of protection from fire (400
                  | gold, have 325).
 35536 | Snake:1  | 35536 ||| UPGRADING to +0 tower shield of protection.
 35546 | Snake:1  | 35546 ||| DROPPING +2 tower shield.
 35563 | Snake:2  | Received a gift from Trog
 35567 | Snake:2  | Identified the +5 ring mail of Muwoac {rCorr SInv}
 35568 | Snake:2  | 35568 ||| Stepping ~*~*~tactically~*~*~ (hiding).
 35574 | Snake:2  | 35574 ||| Stepping ~*~*~tactically~*~*~ (hiding).
 35579 | Snake:2  | 35579 ||| INVOKING Berserk.
 35588 | Snake:2  | 35588 ||| INVOKING Brothers in Arms.
 35589 | Snake:2  | Noticed Vashnia
 35617 | Snake:2  | 35617 ||| INVOKING Brothers in Arms.
 35629 | Snake:2  | HP: 37/163 [poisoned by Vashnia (splash of poison)]
 35629 | Snake:2  | Killed Vashnia
 35634 | Snake:2  | HP: 26/163 [poisoned by Vashnia (splash of poison)]
 35635 | Snake:2  | 35635 ||| Stepping ~*~*~tactically~*~*~ (hiding).
 35636 | Snake:2  | 35636 ||| READING 12 scrolls of teleportation.
 35637 | Snake:2  | 35637 ||| DRINKING 8 potions of heal wounds.
 35639 | Snake:2  | 35639 ||| INVOKING Berserk.
 35735 | Snake:2  | 35735 ||| Stepping ~*~*~tactically~*~*~ (stealth).
 35748 | Snake:2  | 35748 ||| Stepping ~*~*~tactically~*~*~ (hiding).
 35749 | Snake:2  | 35749 ||| FLEEEEING.
 35750 | Snake:2  | 35750 ||| FLEEEEING.
 35751 | Snake:2  | 35751 ||| FLEEEEING.
 35752 | Snake:2  | 35752 ||| FLEEEEING.
 35753 | Snake:2  | 35753 ||| FLEEEEING.
 35754 | Snake:2  | 35754 ||| FLEEEEING.
 35755 | Snake:2  | 35755 ||| FLEEEEING.
 35756 | Snake:2  | 35756 ||| STAIRDANCE
 36016 | Snake:2  | 36016 ||| READING scroll of enchant weapon.
 36016 | Snake:2  | 36016 ||| ENCHANTING +8 vampiric war axe.
 36028 | Snake:2  | 36028 ||| INVOKING Berserk.
 36176 | Snake:2  | 36176 ||| Stepping ~*~*~tactically~*~*~ (hiding).
 36299 | Snake:2  | Found a transporter.
 36374 | Snake:2  | Found a transporter.
 36374 | Snake:2  | You fall into a shaft and drop 1 floor!
 36402 | Snake:3  | 36402 ||| INVOKING Berserk.
 36406 | Snake:3  | Reached skill level 9 in Throwing
 36424 | Snake:3  | 36424 ||| INVOKING Brothers in Arms.
 36431 | Snake:3  | Received a gift from Trog
 36432 | Snake:3  | 36432 ||| INVOKING Brothers in Arms.
 36433 | Snake:3  | 36433 ||| INVOKING Brothers in Arms.
 36522 | Snake:3  | 36522 ||| DROPPING +0 eveningstar of protection.
 36542 | Snake:3  | 36542 ||| Stepping ~*~*~tactically~*~*~ (stealth).
 36551 | Snake:3  | 36551 ||| Stepping ~*~*~tactically~*~*~ (hiding).
 36695 | Snake:3  | Reached skill level 19 in Fighting
 36695 | Snake:3  | 36695 ||| INVOKING Berserk.
 36800 | Snake:3  | 36800 ||| Stepping ~*~*~tactically~*~*~ (hiding).
 36822 | Snake:3  | 36822 ||| INVOKING Berserk.
 37011 | Snake:3  | 37011 ||| INVOKING Berserk.
 37298 | Snake:3  | 37298 ||| PLANNING SWAMP:4
 37426 | Swamp:4  | Entered Level 4 of the Swamp
 37445 | Swamp:4  | 37445 ||| Stepping ~*~*~tactically~*~*~ (hiding).
 37539 | Swamp:4  | 37539 ||| SWAPPING to +3 broad axe of flaming.
 37544 | Swamp:4  | 37544 ||| Stepping ~*~*~tactically~*~*~ (water).
 37550 | Swamp:4  | 37550 ||| SWAPPING to +9 vampiric war axe.
 37552 | Swamp:4  | 37552 ||| INVOKING Berserk.
 37567 | Swamp:4  | Reached XP level 18. HP: 176/176 MP: 17/17
 37634 | Swamp:4  | 37634 ||| Stepping ~*~*~tactically~*~*~ (cloud).
 37635 | Swamp:4  | 37635 ||| DROPPING +3 broad axe of flaming.
 37733 | Swamp:4  | 37733 ||| Stepping ~*~*~tactically~*~*~ (hiding).
 37879 | Swamp:4  | Got a decaying rune of Zot
 37881 | Swamp:4  | 37881 ||| READING 13 scrolls of teleportation.
 37889 | Swamp:4  | Noticed a tentacled monstrosity
 37891 | Swamp:4  | 37891 ||| Stepping ~*~*~tactically~*~*~ (water).
 37894 | Swamp:4  | 37894 ||| INVOKING Brothers in Arms.
 37895 | Swamp:4  | 37895 ||| INVOKING Berserk.
 37903 | Swamp:4  | Reached skill level 12 in Dodging
 37903 | Swamp:4  | Killed a tentacled monstrosity
 37924 | Swamp:4  | 37924 ||| Stepping ~*~*~tactically~*~*~ (water).
 37943 | Swamp:4  | 37943 ||| Stepping ~*~*~tactically~*~*~ (cloud).
 37947 | Swamp:4  | HP: 34/176 [poison (dark miasma)]
 37949 | Swamp:4  | HP: 16/176 [poison (dark miasma)]
 37952 | Swamp:4  | HP: 6/176 [poison (dark miasma)]
 37956 | Swamp:4  | HP: 2/176 [poison (dark miasma)]
 38453 | Swamp:4  | 38453 ||| PLANNING VAULTS:1-4
 38568 | Swamp:4  | 38568 ||| Stepping ~*~*~tactically~*~*~ (cloud).
 38936 | Vaults:1 | Entered Level 1 of the Vaults
 38940 | Vaults:1 | 38940 ||| INVOKING Trog's Hand.
 38955 | Vaults:1 | 38955 ||| Stepping ~*~*~tactically~*~*~ (stealth).
 38957 | Vaults:1 | 38957 ||| Stepping ~*~*~tactically~*~*~ (stealth).
 38960 | Vaults:1 | 38960 ||| Stepping ~*~*~tactically~*~*~ (stealth).
 39065 | Vaults:1 | 39065 ||| INVOKING Trog's Hand.
 39066 | Vaults:1 | 39066 ||| Stepping ~*~*~tactically~*~*~ (hiding).
 39132 | Vaults:1 | 39132 ||| Stepping ~*~*~tactically~*~*~ (stealth).
 39133 | Vaults:1 | 39133 ||| Stepping ~*~*~tactically~*~*~ (stealth).
 39135 | Vaults:1 | 39135 ||| Stepping ~*~*~tactically~*~*~ (hiding).
 39146 | Vaults:1 | Reached skill level 18 in Armour
 39155 | Vaults:1 | 39155 ||| READING 2 scrolls of acquirement.
 39155 | Vaults:1 | 39155 ||| ACQUIRING +0 pair of boots of Weak Satisfaction
                  | {Fly rElec rF- Will+}
 39155 | Vaults:1 | Acquired the +0 pair of boots of Weak Satisfaction {Fly
                  | rElec rF- Will+}
 39157 | Vaults:1 | 39157 ||| UPGRADING to +0 pair of boots of Weak
                  | Satisfaction {Fly rElec rF- Will+}.
 39167 | Vaults:1 | 39167 ||| READING scroll of acquirement.
 39167 | Vaults:1 | 39167 ||| ACQUIRING 683 gold pieces
 39167 | Vaults:1 | Acquired 683 gold pieces
 39266 | Vaults:1 | 39266 ||| Stepping ~*~*~tactically~*~*~ (hiding).
 39268 | Vaults:1 | 39268 ||| INVOKING Brothers in Arms.
 39270 | Vaults:1 | 39270 ||| INVOKING Berserk.
 39395 | Vaults:1 | 39395 ||| INVOKING Trog's Hand.
 39408 | Vaults:1 | 39408 ||| INVOKING Berserk.
 39449 | Vaults:1 | 39449 ||| Stepping ~*~*~tactically~*~*~ (stealth).
 39452 | Vaults:1 | 39452 ||| Stepping ~*~*~tactically~*~*~ (stealth).
 39453 | Vaults:1 | 39453 ||| INVOKING Brothers in Arms.
 39466 | Vaults:1 | Reached skill level 20 in Fighting
 39470 | Vaults:1 | 39470 ||| INVOKING Brothers in Arms.
 39471 | Vaults:1 | 39471 ||| INVOKING Berserk.
 39657 | Vaults:1 | 39657 ||| Stepping ~*~*~tactically~*~*~ (stealth).
 39660 | Vaults:1 | 39660 ||| Stepping ~*~*~tactically~*~*~ (hiding).
 39664 | Vaults:1 | 39664 ||| INVOKING Berserk.
 40210 | Vaults:1 | 40210 ||| INVOKING Berserk.
 40329 | Vaults:1 | Noticed a golden dragon
 40331 | Vaults:1 | 40331 ||| INVOKING Berserk.
 40336 | Vaults:1 | Killed a golden dragon
 40423 | Vaults:1 | 40423 ||| INVOKING Trog's Hand.
 40480 | Vaults:1 | 40480 ||| Stepping ~*~*~tactically~*~*~ (hiding).
 40718 | Vaults:1 | 40718 ||| INVOKING Trog's Hand.
 40800 | Vaults:1 | 40800 ||| Stepping ~*~*~tactically~*~*~ (hiding).
 40803 | Vaults:1 | 40803 ||| Stepping ~*~*~tactically~*~*~ (hiding).
 40809 | Vaults:1 | 40809 ||| Stepping ~*~*~tactically~*~*~ (hiding).
 40831 | Vaults:1 | 40831 ||| READING scroll of acquirement.
 40831 | Vaults:1 | 40831 ||| ACQUIRING 1129 gold pieces
 40831 | Vaults:1 | Acquired 1129 gold pieces
 41073 | Vaults:2 | 41073 ||| INVOKING Berserk.
 41206 | Vaults:2 | 41206 ||| INVOKING Berserk.
 41218 | Vaults:2 | Reached skill level 21 in Shields
 41337 | Vaults:2 | 41337 ||| INVOKING Trog's Hand.
 41341 | Vaults:2 | 41341 ||| INVOKING Berserk.
 41510 | Vaults:2 | 41510 ||| Stepping ~*~*~tactically~*~*~ (stealth).
 41525 | Vaults:2 | 41525 ||| Stepping ~*~*~tactically~*~*~ (stealth).
 41608 | Vaults:2 | Reached XP level 19. HP: 187/187 MP: 18/18
 41649 | Vaults:2 | Noticed Frederick
 41650 | Vaults:2 | 41650 ||| INVOKING Brothers in Arms.
 41651 | Vaults:2 | 41651 ||| INVOKING Brothers in Arms.
 41653 | Vaults:2 | 41653 ||| INVOKING Berserk.
 41659 | Vaults:2 | Killed Frederick
 41782 | Vaults:2 | 41782 ||| Stepping ~*~*~tactically~*~*~ (hiding).
 41785 | Vaults:2 | 41785 ||| Stepping ~*~*~tactically~*~*~ (hiding).
 41793 | Vaults:2 | Reached skill level 21 in Fighting
 41820 | Vaults:2 | 41820 ||| Stepping ~*~*~tactically~*~*~ (hiding).
 41823 | Vaults:2 | 41823 ||| Stepping ~*~*~tactically~*~*~ (hiding).
 41830 | Vaults:2 | 41830 ||| INVOKING Trog's Hand.
 41831 | Vaults:2 | 41831 ||| INVOKING Berserk.
 42032 | Vaults:2 | 42032 ||| INVOKING Trog's Hand.
 42066 | Vaults:2 | 42066 ||| READING scroll of acquirement.
 42066 | Vaults:2 | 42066 ||| ACQUIRING scarf of resistance
 42066 | Vaults:2 | Acquired a scarf of resistance
 42068 | Vaults:2 | 42068 ||| UPGRADING to scarf of resistance.
 42238 | Vaults:2 | 42238 ||| Stepping ~*~*~tactically~*~*~ (hiding).
 42387 | Vaults:2 | 42387 ||| Stepping ~*~*~tactically~*~*~ (hiding).
 42394 | Vaults:2 | 42394 ||| FLEEEEING.
 42396 | Vaults:2 | 42396 ||| FLEEEEING.
 42574 | Vaults:2 | 42574 ||| Stepping ~*~*~tactically~*~*~ (hiding).
 42575 | Vaults:2 | 42575 ||| Stepping ~*~*~tactically~*~*~ (hiding).
 42633 | Vaults:2 | 42633 ||| INVOKING Trog's Hand.
 42710 | Vaults:2 | 42710 ||| Stepping ~*~*~tactically~*~*~ (stealth).
 42913 | Vaults:2 | 42913 ||| Stepping ~*~*~tactically~*~*~ (stealth).
 42931 | Vaults:2 | 42931 ||| Stepping ~*~*~tactically~*~*~ (hiding).
 42980 | Vaults:2 | 42980 ||| INVOKING Brothers in Arms.
 42981 | Vaults:2 | 42981 ||| INVOKING Brothers in Arms.
 42985 | Vaults:2 | 42985 ||| INVOKING Berserk.
 43009 | Vaults:2 | 43009 ||| INVOKING Trog's Hand.
 43020 | Vaults:2 | 43020 ||| INVOKING Brothers in Arms.
 43021 | Vaults:2 | 43021 ||| INVOKING Brothers in Arms.
 43022 | Vaults:2 | Killed an ancient lich
 43035 | Vaults:2 | Reached skill level 22 in Fighting
 43044 | Vaults:2 | 43044 ||| INVOKING Trog's Hand.
 43081 | Vaults:2 | 43081 ||| Stepping ~*~*~tactically~*~*~ (stealth).
 43310 | Vaults:3 | 43310 ||| PLANNING BAZAAR
 43319 | Vaults:3 | 43319 ||| INVOKING Trog's Hand.
 43406 | Vaults:3 | 43406 ||| Stepping ~*~*~tactically~*~*~ (hiding).
 43561 | Vaults:3 | 43561 ||| Stepping ~*~*~tactically~*~*~ (hiding).
 43654 | Vaults:3 | Received a gift from Trog
 43679 | Vaults:3 | 43679 ||| Stepping ~*~*~tactically~*~*~ (hiding).
 43695 | Vaults:3 | 43695 ||| INVOKING Brothers in Arms.
 43698 | Vaults:3 | 43698 ||| INVOKING Berserk.
 43836 | Vaults:3 | 43836 ||| Stepping ~*~*~tactically~*~*~ (stealth).
 43838 | Vaults:3 | 43838 ||| Stepping ~*~*~tactically~*~*~ (hiding).
 43844 | Vaults:3 | 43844 ||| INVOKING Trog's Hand.
 43879 | Vaults:3 | Noticed Xtahua
 43880 | Vaults:3 | 43880 ||| Stepping ~*~*~tactically~*~*~ (hiding).
 43881 | Vaults:3 | 43881 ||| Stepping ~*~*~tactically~*~*~ (hiding).
 43884 | Vaults:3 | 43884 ||| DRINKING potion of resistance.
 43888 | Vaults:3 | 43888 ||| INVOKING Trog's Hand.
 43902 | Vaults:3 | Killed Xtahua
 43903 | Vaults:3 | 43903 ||| Stepping ~*~*~tactically~*~*~ (cloud).
 43956 | Vaults:3 | 43956 ||| Stepping ~*~*~tactically~*~*~ (stealth).
 43978 | Vaults:3 | 43978 ||| Stepping ~*~*~tactically~*~*~ (stealth).
 44052 | Vaults:3 | 44052 ||| Stepping ~*~*~tactically~*~*~ (stealth).
 44074 | Vaults:3 | Found a flickering gateway to a bazaar.
 44075 | Vaults:3 | 44075 ||| DROPPING ring of fire.
 44094 | Vaults:3 | 44094 ||| INVOKING Trog's Hand.
 44096 | Vaults:3 | 44096 ||| Stepping ~*~*~tactically~*~*~ (stealth).
 44098 | Vaults:3 | 44098 ||| Stepping ~*~*~tactically~*~*~ (stealth).
 44114 | Vaults:3 | 44114 ||| Stepping ~*~*~tactically~*~*~ (stealth).
 44115 | Vaults:3 | Found a staircase to the Crypt.
 44149 | Vaults:3 | 44149 ||| Stepping ~*~*~tactically~*~*~ (hiding).
 44218 | Vaults:3 | 44218 ||| INVOKING Trog's Hand.
 44397 | Vaults:3 | 44397 ||| Stepping ~*~*~tactically~*~*~ (stealth).
 44398 | Vaults:3 | 44398 ||| Stepping ~*~*~tactically~*~*~ (stealth).
 44404 | Vaults:3 | 44404 ||| INVOKING Trog's Hand.
 44517 | Vaults:3 | 44517 ||| RIP BAZAAR
 44537 | Vaults:3 | Noticed Nikola
 44538 | Vaults:3 | 44538 ||| PLANNING VAULTS:1-4
 44539 | Vaults:3 | 44539 ||| INVOKING Berserk.
 44551 | Vaults:3 | Killed Nikola
 44567 | Vaults:3 | 44567 ||| Stepping ~*~*~tactically~*~*~ (hiding).
 44568 | Vaults:3 | 44568 ||| Stepping ~*~*~tactically~*~*~ (hiding).
 44575 | Vaults:3 | Reached XP level 20. HP: 180/200 MP: 19/19
 44585 | Vaults:3 | 44585 ||| FLEEEEING.
 44671 | Vaults:3 | 44671 ||| Stepping ~*~*~tactically~*~*~ (stealth).
 44853 | Vaults:3 | 44853 ||| Stepping ~*~*~tactically~*~*~ (hiding).
 45003 | Vaults:3 | 45003 ||| UPGRADING to +2 pair of gloves of dexterity.
 45013 | Vaults:3 | 45013 ||| DROPPING +2 pair of gloves.
 45030 | Vaults:4 | 45030 ||| STAIRDANCE
 45056 | Vaults:4 | 45056 ||| STAIRDANCE
 45067 | Vaults:4 | 45067 ||| STAIRDANCE
 45152 | Vaults:4 | 45152 ||| INVOKING Trog's Hand.
 45298 | Vaults:4 | 45298 ||| INVOKING Trog's Hand.
 45307 | Vaults:4 | 45307 ||| INVOKING Trog's Hand.
 45351 | Vaults:4 | Reached skill level 15 in Dodging
 45366 | Vaults:4 | 45366 ||| Stepping ~*~*~tactically~*~*~ (stealth).
 45367 | Vaults:4 | 45367 ||| INVOKING Trog's Hand.
 45382 | Vaults:4 | 45382 ||| Stepping ~*~*~tactically~*~*~ (stealth).
 45386 | Vaults:4 | 45386 ||| Stepping ~*~*~tactically~*~*~ (stealth).
 45743 | Vaults:4 | 45743 ||| Stepping ~*~*~tactically~*~*~ (stealth).
 45751 | Vaults:4 | 45751 ||| Stepping ~*~*~tactically~*~*~ (stealth).
 45774 | Vaults:4 | 45774 ||| Stepping ~*~*~tactically~*~*~ (stealth).
 46068 | Vaults:4 | 46068 ||| Stepping ~*~*~tactically~*~*~ (stealth).
 46130 | Vaults:4 | Found Tajeuh's Jewellery Boutique.
 46137 | Vaults:4 | 46137 ||| BUYING ring "Caimohi" {Drain Fly Dex+5 SInv} (705
                  | gold).
 46137 | Vaults:4 | Bought the ring "Caimohi" {Drain Fly Dex+5 SInv} for 705
                  | gold pieces
 46244 | Vaults:4 | 46244 ||| PLANNING SNAKE:4
 46244 | Vaults:4 | 46244 ||| UPGRADING to ring "Caimohi" {Drain Fly Dex+5
                  | SInv}.
 46577 | Snake:4  | Entered Level 4 of the Snake Pit
 46578 | Snake:4  | 46578 ||| STAIRDANCE
 46686 | Snake:4  | 46686 ||| Stepping ~*~*~tactically~*~*~ (hiding).
 46687 | Snake:4  | 46687 ||| Stepping ~*~*~tactically~*~*~ (hiding).
 46730 | Snake:4  | Identified the +5 ring mail "Damnable Contraption" {-Tele
                  | Int+2 Dex+3}
 46870 | Snake:4  | 46870 ||| Stepping ~*~*~tactically~*~*~ (stealth).
 46871 | Snake:4  | 46871 ||| Stepping ~*~*~tactically~*~*~ (stealth).
 46874 | Snake:4  | 46874 ||| Stepping ~*~*~tactically~*~*~ (stealth).
 46909 | Snake:4  | Identified the +1 plate armour of Noughts and Crosses
                  | {Stlth+}
 46946 | Snake:4  | 46946 ||| Stepping ~*~*~tactically~*~*~ (hiding).
 47339 | Snake:4  | 47339 ||| Stepping ~*~*~tactically~*~*~ (hiding).
 47345 | Snake:4  | Received a gift from Trog
 47422 | Snake:4  | Got a serpentine rune of Zot
 47475 | Snake:4  | 47475 ||| FLEEEEING.
 47476 | Snake:4  | 47476 ||| FLEEEEING.
 47477 | Snake:4  | 47477 ||| FLEEEEING.
 47478 | Snake:4  | 47478 ||| FLEEEEING.
 47479 | Snake:4  | 47479 ||| FLEEEEING.
 47480 | Snake:4  | 47480 ||| FLEEEEING.
 47481 | Snake:4  | 47481 ||| FLEEEEING.
 47486 | Snake:4  | 47486 ||| FLEEEEING.
 47487 | Snake:4  | 47487 ||| FLEEEEING.
 47490 | Snake:4  | 47490 ||| FLEEEEING.
 47491 | Snake:4  | 47491 ||| FLEEEEING.
 47492 | Snake:4  | 47492 ||| FLEEEEING.
 47493 | Snake:4  | 47493 ||| FLEEEEING.
 47494 | Snake:4  | 47494 ||| FLEEEEING.
 47495 | Snake:4  | 47495 ||| FLEEEEING.
 47496 | Snake:4  | 47496 ||| FLEEEEING.
 47497 | Snake:4  | 47497 ||| FLEEEEING.
 47498 | Snake:4  | 47498 ||| FLEEEEING.
 47499 | Snake:4  | 47499 ||| FLEEEEING.
 47500 | Snake:4  | 47500 ||| FLEEEEING.
 47501 | Snake:4  | 47501 ||| FLEEEEING.
 47502 | Snake:4  | 47502 ||| FLEEEEING.
 47503 | Snake:4  | 47503 ||| FLEEEEING.
 47504 | Snake:4  | 47504 ||| FLEEEEING.
 47505 | Snake:4  | 47505 ||| FLEEEEING.
 47506 | Snake:4  | 47506 ||| FLEEEEING.
 47507 | Snake:4  | 47507 ||| FLEEEEING.
 47508 | Snake:4  | 47508 ||| FLEEEEING.
 47509 | Snake:4  | 47509 ||| FLEEEEING.
 47510 | Snake:4  | 47510 ||| FLEEEEING.
 47715 | Snake:4  | 47715 ||| PLANNING DEPTHS
 47715 | Snake:4  | 47715 ||| DROPPING ring of poison resistance.
 47716 | Snake:4  | 47716 ||| DROPPING ring of poison resistance.
 47985 | Depths:1 | Entered Level 1 of the Depths
 48044 | Depths:1 | 48044 ||| INVOKING Brothers in Arms.
 48045 | Depths:1 | 48045 ||| INVOKING Berserk.
 48206 | Depths:1 | Identified the +9 double sword "Lafir" {holy, rPois}
 48206 | Depths:1 | Identified the +6 double sword of Ytwid {vorpal, Fly rPois}
 48207 | Depths:1 | 48207 ||| Stepping ~*~*~tactically~*~*~ (hiding).
 48210 | Depths:1 | 48210 ||| Stepping ~*~*~tactically~*~*~ (hiding).
 48222 | Depths:1 | 48222 ||| INVOKING Berserk.
 48227 | Depths:1 | Reached skill level 18 in Dodging
 48236 | Depths:1 | 48236 ||| INVOKING Brothers in Arms.
 48248 | Depths:1 | 48248 ||| DRINKING 4 potions of cancellation.
 48782 | Depths:1 | 48782 ||| Stepping ~*~*~tactically~*~*~ (stealth).
 48784 | Depths:1 | 48784 ||| Stepping ~*~*~tactically~*~*~ (hiding).
 48790 | Depths:1 | 48790 ||| INVOKING Brothers in Arms.
 48791 | Depths:1 | 48791 ||| INVOKING Berserk.
 48923 | Depths:1 | 48923 ||| Stepping ~*~*~tactically~*~*~ (hiding).
 48958 | Depths:1 | 48958 ||| Stepping ~*~*~tactically~*~*~ (stealth).
 49051 | Depths:1 | Reached XP level 21. HP: 188/209 MP: 20/20
 49145 | Depths:1 | Found a one-way gateway to a ziggurat.
 49147 | Depths:1 | Noticed Mara
 49148 | Depths:1 | 49148 ||| Stepping ~*~*~tactically~*~*~ (hiding).
 49149 | Depths:1 | 49149 ||| INVOKING Brothers in Arms.
 49151 | Depths:1 | 49151 ||| INVOKING Berserk.
 49159 | Depths:1 | Killed Mara
 49270 | Depths:1 | Noticed Aizul
 49271 | Depths:1 | 49271 ||| INVOKING Trog's Hand.
 49284 | Depths:1 | Killed Aizul
 49437 | Depths:1 | Found a gateway to Hell.
 49702 | Depths:2 | Found Katae's General Store.
 49713 | Depths:2 | 49713 ||| BUYING potion of curing (42 gold).
 49713 | Depths:2 | Bought a potion of curing for 42 gold pieces
 49759 | Depths:2 | 49759 ||| INVOKING Trog's Hand.
 49771 | Depths:2 | 49771 ||| FLEEEEING.
 49773 | Depths:2 | 49773 ||| FLEEEEING.
 49774 | Depths:2 | 49774 ||| FLEEEEING.
 49775 | Depths:2 | 49775 ||| FLEEEEING.
 49849 | Depths:2 | 49849 ||| Stepping ~*~*~tactically~*~*~ (hiding).
 49851 | Depths:2 | 49851 ||| Stepping ~*~*~tactically~*~*~ (hiding).
 49981 | Depths:2 | Gained mutation: You do not regenerate when monsters are
                  | visible. [a neqoxec]
 49992 | Depths:2 | 49992 ||| DRINKING 5 potions of mutation.
 49992 | Depths:2 | Lost mutation: You do not regenerate when monsters are
                  | visible. [potion of mutation]
 49992 | Depths:2 | Lost mutation: Your mind is acute. (Int +4, Str/Dex -1)
                  | [potion of mutation]
 49992 | Depths:2 | Lost mutation: Your flesh is heat resistant. (rF+) [potion
                  | of mutation]
 49992 | Depths:2 | Gained mutation: Your movements are slightly less
                  | encumbered by armour. (ER -2) [potion of mutation]
 49992 | Depths:2 | Gained mutation: You expend magic power (3 MP) to
                  | strengthen your wands. [potion of mutation]
 50007 | Depths:2 | Found a one-way gate leading to the halls of Pandemonium.
 50016 | Depths:2 | Reached skill level 23 in Fighting
 50125 | Depths:2 | Received a gift from Trog
 50217 | Depths:2 | 50217 ||| Stepping ~*~*~tactically~*~*~ (hiding).
 50219 | Depths:2 | 50219 ||| INVOKING Trog's Hand.
 50220 | Depths:2 | 50220 ||| INVOKING Brothers in Arms.
 50221 | Depths:2 | 50221 ||| INVOKING Berserk.
 50418 | Depths:2 | Identified the +3 lajatang "Jigaemm" {freeze, rF++ rN+}
 50418 | Depths:2 | Identified the +0 shadow dragon scales of Boug {Int+5 Dex-2
                  | Stlth++++}
 50425 | Depths:2 | 50425 ||| INVOKING Brothers in Arms.
 50426 | Depths:2 | 50426 ||| INVOKING Brothers in Arms.
 50427 | Depths:2 | 50427 ||| INVOKING Berserk.
 50779 | Depths:2 | 50779 ||| INVOKING Berserk.
 51073 | Depths:2 | 51073 ||| Stepping ~*~*~tactically~*~*~ (stealth).
 51100 | Depths:2 | 51100 ||| Stepping ~*~*~tactically~*~*~ (stealth).
 51152 | Depths:2 | 51152 ||| INVOKING Berserk.
 51274 | Depths:2 | Noticed a juggernaut
 51277 | Depths:2 | 51277 ||| INVOKING Berserk.
 51297 | Depths:2 | Killed a juggernaut
 51488 | Depths:2 | 51488 ||| Stepping ~*~*~tactically~*~*~ (stealth).
 51655 | Depths:2 | 51655 ||| DROPPING amulet of guardian spirit.
 51751 | Depths:3 | Noticed a golden dragon
 51752 | Depths:3 | 51752 ||| INVOKING Berserk.
 51764 | Depths:3 | Killed a golden dragon
 52084 | Depths:3 | 52084 ||| INVOKING Berserk.
 52178 | Depths:3 | 52178 ||| INVOKING Trog's Hand.
 52258 | Depths:3 | 52258 ||| FLEEEEING.
 52259 | Depths:3 | 52259 ||| FLEEEEING.
 52260 | Depths:3 | 52260 ||| FLEEEEING.
 52261 | Depths:3 | 52261 ||| FLEEEEING.
 52264 | Depths:3 | 52264 ||| FLEEEEING.
 52265 | Depths:3 | 52265 ||| FLEEEEING.
 52266 | Depths:3 | 52266 ||| FLEEEEING.
 52267 | Depths:3 | 52267 ||| FLEEEEING.
 52268 | Depths:3 | 52268 ||| FLEEEEING.
 52269 | Depths:3 | 52269 ||| FLEEEEING.
 52270 | Depths:3 | 52270 ||| FLEEEEING.
 52271 | Depths:3 | 52271 ||| Stepping ~*~*~tactically~*~*~ (hiding).
 52273 | Depths:3 | 52273 ||| Stepping ~*~*~tactically~*~*~ (hiding).
 52315 | Depths:3 | 52315 ||| INVOKING Berserk.
 52433 | Depths:3 | 52433 ||| Stepping ~*~*~tactically~*~*~ (stealth).
 52454 | Depths:3 | 52454 ||| Stepping ~*~*~tactically~*~*~ (stealth).
 52456 | Depths:3 | 52456 ||| INVOKING Berserk.
 52463 | Depths:3 | 52463 ||| Stepping ~*~*~tactically~*~*~ (stealth).
 52597 | Depths:3 | 52597 ||| DRINKING 16 potions of curing.
 52597 | Depths:3 | 52597 ||| (to cure confusion)
 52609 | Depths:3 | 52609 ||| INVOKING Berserk.
 52878 | Depths:3 | 52878 ||| INVOKING Berserk.
 52900 | Depths:3 | Reached skill level 21 in Armour
 53195 | Depths:3 | Found a corrupted altar of Lugonu.
 53197 | Depths:3 | 53197 ||| INVOKING Trog's Hand.
 53198 | Depths:3 | 53198 ||| INVOKING Berserk.
 53441 | Depths:3 | 53441 ||| INVOKING Trog's Hand.
 53469 | Depths:3 | 53469 ||| INVOKING Berserk.
 53680 | Depths:4 | Entered Level 4 of the Depths
 53685 | Depths:4 | 53685 ||| INVOKING Berserk.
 53926 | Depths:4 | 53926 ||| Stepping ~*~*~tactically~*~*~ (hiding).
 53929 | Depths:4 | 53929 ||| INVOKING Berserk.
 53929 | Depths:4 | HP: 43/318 [??? (41)]
 54407 | Depths:4 | Found Abbicko's Neck Hole.
 54437 | Depths:4 | 54437 ||| INVOKING Berserk.
 54505 | Depths:4 | Reached skill level 24 in Fighting
 54681 | Depths:4 | 54681 ||| Stepping ~*~*~tactically~*~*~ (hiding).
 54682 | Depths:4 | 54682 ||| Stepping ~*~*~tactically~*~*~ (hiding).
 54683 | Depths:4 | 54683 ||| INVOKING Berserk.
 54690 | Depths:4 | Reached XP level 22. HP: 222/222 MP: 21/21
 54843 | Depths:4 | Found a gate to the Realm of Zot.
 54989 | Depths:4 | 54989 ||| Stepping ~*~*~tactically~*~*~ (stealth).
 54990 | Depths:4 | 54990 ||| Stepping ~*~*~tactically~*~*~ (stealth).
 54994 | Depths:4 | 54994 ||| Stepping ~*~*~tactically~*~*~ (stealth).
 55246 | Depths:4 | 55246 ||| PLANNING VAULTS:5
 55571 | Vaults:5 | Entered Level 5 of the Vaults
 55573 | Vaults:5 | 55573 ||| STAIRDANCE
 55591 | Vaults:5 | 55591 ||| STAIRDANCE
 55605 | Vaults:4 | Reached skill level 12 in Throwing
 55616 | Vaults:5 | 55616 ||| STAIRDANCE
 55641 | Vaults:5 | 55641 ||| STAIRDANCE
 55643 | Vaults:4 | 55643 ||| INVOKING Berserk.
 55760 | Vaults:5 | 55760 ||| STAIRDANCE
 55783 | Vaults:5 | 55783 ||| STAIRDANCE
 55787 | Vaults:5 | 55787 ||| STAIRDANCE
 55791 | Vaults:5 | 55791 ||| STAIRDANCE
 55803 | Vaults:5 | 55803 ||| STAIRDANCE
 55805 | Vaults:4 | 55805 ||| INVOKING Berserk.
 55903 | Vaults:5 | 55903 ||| Stepping ~*~*~tactically~*~*~ (stealth).
 55904 | Vaults:5 | 55904 ||| Stepping ~*~*~tactically~*~*~ (stealth).
 55910 | Vaults:5 | 55910 ||| Stepping ~*~*~tactically~*~*~ (hiding).
 55911 | Vaults:5 | 55911 ||| Stepping ~*~*~tactically~*~*~ (hiding).
 55912 | Vaults:5 | 55912 ||| INVOKING Trog's Hand.
 55947 | Vaults:5 | 55947 ||| INVOKING Trog's Hand.
 55967 | Vaults:5 | 55967 ||| INVOKING Berserk.
 55989 | Vaults:5 | 55989 ||| Stepping ~*~*~tactically~*~*~ (hiding).
 55990 | Vaults:5 | 55990 ||| Stepping ~*~*~tactically~*~*~ (hiding).
 55992 | Vaults:5 | 55992 ||| INVOKING Brothers in Arms.
 55993 | Vaults:5 | 55993 ||| INVOKING Brothers in Arms.
 56027 | Vaults:5 | 56027 ||| INVOKING Brothers in Arms.
 56116 | Vaults:5 | Identified the +1 leather armour of Hedge Wizardry {Will+}
 56125 | Vaults:5 | Noticed an ancient lich
 56126 | Vaults:5 | 56126 ||| INVOKING Trog's Hand.
 56127 | Vaults:5 | 56127 ||| INVOKING Brothers in Arms.
 56128 | Vaults:5 | 56128 ||| INVOKING Berserk.
 56132 | Vaults:5 | Killed an ancient lich
 56261 | Vaults:5 | Got a silver rune of Zot
 56319 | Vaults:5 | 56319 ||| Stepping ~*~*~tactically~*~*~ (stealth).
 56320 | Vaults:5 | 56320 ||| Stepping ~*~*~tactically~*~*~ (stealth).
 56343 | Vaults:5 | 56343 ||| Stepping ~*~*~tactically~*~*~ (hiding).
 56345 | Vaults:5 | 56345 ||| INVOKING Trog's Hand.
 56374 | Vaults:5 | 56374 ||| Stepping ~*~*~tactically~*~*~ (hiding).
 56412 | Vaults:5 | 56412 ||| Stepping ~*~*~tactically~*~*~ (hiding).
 56413 | Vaults:5 | 56413 ||| Stepping ~*~*~tactically~*~*~ (hiding).
 56448 | Vaults:5 | 56448 ||| Stepping ~*~*~tactically~*~*~ (stealth).
 56464 | Vaults:5 | 56464 ||| Stepping ~*~*~tactically~*~*~ (hiding).
 56469 | Vaults:5 | 56469 ||| Stepping ~*~*~tactically~*~*~ (hiding).
 56471 | Vaults:5 | 56471 ||| Stepping ~*~*~tactically~*~*~ (stealth).
 56472 | Vaults:5 | 56472 ||| INVOKING Brothers in Arms.
 56474 | Vaults:5 | 56474 ||| INVOKING Berserk.
 56608 | Vaults:5 | 56608 ||| Stepping ~*~*~tactically~*~*~ (stealth).
 56611 | Vaults:5 | 56611 ||| Stepping ~*~*~tactically~*~*~ (hiding).
 56650 | Vaults:5 | 56650 ||| INVOKING Trog's Hand.
 56672 | Vaults:5 | 56672 ||| Stepping ~*~*~tactically~*~*~ (hiding).
 56673 | Vaults:5 | 56673 ||| Stepping ~*~*~tactically~*~*~ (hiding).
 56679 | Vaults:5 | 56679 ||| INVOKING Berserk.
 56787 | Vaults:5 | Noticed a golden dragon
 56788 | Vaults:5 | 56788 ||| Stepping ~*~*~tactically~*~*~ (stealth).
 56790 | Vaults:5 | 56790 ||| Stepping ~*~*~tactically~*~*~ (hiding).
 56795 | Vaults:5 | 56795 ||| INVOKING Berserk.
 56800 | Vaults:5 | Killed a golden dragon
 56817 | Vaults:5 | 56817 ||| Stepping ~*~*~tactically~*~*~ (stealth).
 56943 | Vaults:5 | Noticed an ancient lich
 56944 | Vaults:5 | 56944 ||| INVOKING Trog's Hand.
 56947 | Vaults:5 | 56947 ||| INVOKING Berserk.
 56953 | Vaults:5 | Killed an ancient lich
 56969 | Vaults:5 | 56969 ||| Stepping ~*~*~tactically~*~*~ (hiding).
 56972 | Vaults:5 | Identified the +9 scimitar of the Valley {pain, rN++ Will+}
 56983 | Vaults:5 | 56983 ||| INVOKING Berserk.
 57168 | Vaults:5 | 57168 ||| INVOKING Berserk.
 57295 | Vaults:5 | 57295 ||| INVOKING Berserk.
 57425 | Vaults:5 | Identified the +1 robe "Nudez" {rN++ Dex+6 Slay-6}
 57445 | Vaults:5 | Identified the amulet "Uclar" {-Tele rPois Regen+ Int+4
                  | SInv}
 57483 | Vaults:5 | 57483 ||| READING 16 scrolls of teleportation.
 57487 | Vaults:5 | Noticed Margery
 57489 | Vaults:5 | 57489 ||| INVOKING Berserk.
 57496 | Vaults:5 | Killed Margery
 57671 | Vaults:5 | 57671 ||| READING 15 scrolls of teleportation.
 57683 | Vaults:5 | 57683 ||| Stepping ~*~*~tactically~*~*~ (hiding).
 57797 | Vaults:5 | 57797 ||| Stepping ~*~*~tactically~*~*~ (stealth).
 57800 | Vaults:5 | 57800 ||| INVOKING Berserk.
 57822 | Vaults:5 | 57822 ||| INVOKING Brothers in Arms.
 57956 | Vaults:5 | 57956 ||| INVOKING Berserk.
 58221 | Vaults:5 | 58221 ||| Stepping ~*~*~tactically~*~*~ (hiding).
 58358 | Vaults:5 | 58358 ||| Stepping ~*~*~tactically~*~*~ (hiding).
 58360 | Vaults:5 | 58360 ||| INVOKING Trog's Hand.
 58439 | Vaults:5 | 58439 ||| INVOKING Berserk.
 58593 | Vaults:5 | 58593 ||| PLANNING SHOPPING SPREE
 58901 | Snake:1  | 58901 ||| BUYING ring of Incredulity {rC+ Dex+4} (646
                  | gold).
 58901 | Snake:1  | Bought the ring of Incredulity {rC+ Dex+4} for 646 gold
                  | pieces
 58905 | Snake:1  | 58905 ||| BUYING amulet "Itoqyqof" {Reflect Dex+5 SH+5}
                  | (760 gold).
 58905 | Snake:1  | Bought the amulet "Itoqyqof" {Reflect Dex+5 SH+5} for 760
                  | gold pieces
 58905 | Snake:1  | 58905 ||| UPGRADING to amulet "Itoqyqof" {Reflect Dex+5
                  | SH+5}.
 58915 | Snake:1  | 58915 ||| DROPPING amulet of reflection.
 58916 | Snake:1  | 58916 ||| PLANNING ZOT:1-4
 59241 | Zot:1    | Entered Level 1 of the Realm of Zot
 59254 | Zot:1    | Reached XP level 23. HP: 179/232 MP: 22/22
 59327 | Zot:1    | 59327 ||| INVOKING Berserk.
 59338 | Zot:1    | 59338 ||| Stepping ~*~*~tactically~*~*~ (cloud).
 59343 | Zot:1    | 59343 ||| INVOKING Brothers in Arms.
 59364 | Zot:1    | Reached skill level 21 in Dodging
 59376 | Zot:1    | 59376 ||| INVOKING Brothers in Arms.
 59377 | Zot:1    | 59377 ||| INVOKING Brothers in Arms.
 59379 | Zot:1    | 59379 ||| Stepping ~*~*~tactically~*~*~ (cloud).
 59382 | Zot:1    | 59382 ||| INVOKING Berserk.
 59402 | Zot:1    | Reached skill level 25 in Fighting
 59421 | Zot:1    | 59421 ||| DRINKING 4 potions of cancellation.
 60222 | Zot:1    | 60222 ||| Stepping ~*~*~tactically~*~*~ (hiding).
 60526 | Zot:1    | 60526 ||| UPGRADING to +2 pair of boots.
 60549 | Zot:2    | 60549 ||| STAIRDANCE
 60553 | Zot:2    | 60553 ||| STAIRDANCE
 60557 | Zot:2    | 60557 ||| STAIRDANCE
 60660 | Zot:2    | 60660 ||| INVOKING Brothers in Arms.
 60666 | Zot:2    | 60666 ||| INVOKING Berserk.
 60856 | Zot:2    | 60856 ||| INVOKING Brothers in Arms.
 60863 | Zot:2    | 60863 ||| INVOKING Berserk.
 61090 | Zot:2    | Noticed a Killer Klown
 61091 | Zot:2    | 61091 ||| INVOKING Brothers in Arms.
 61092 | Zot:2    | 61092 ||| INVOKING Berserk.
 61093 | Zot:2    | a Killer Klown changed into a rockslime
 61238 | Zot:2    | 61238 ||| INVOKING Brothers in Arms.
 61241 | Zot:2    | 61241 ||| INVOKING Berserk.
 61387 | Zot:2    | 61387 ||| Stepping ~*~*~tactically~*~*~ (hiding).
 61388 | Zot:2    | 61388 ||| FLEEEEING.
 61389 | Zot:2    | 61389 ||| FLEEEEING.
 61391 | Zot:2    | 61391 ||| FLEEEEING.
 61392 | Zot:2    | 61392 ||| FLEEEEING.
 61393 | Zot:2    | 61393 ||| FLEEEEING.
 61394 | Zot:2    | 61394 ||| FLEEEEING.
 61395 | Zot:2    | 61395 ||| FLEEEEING.
 61396 | Zot:2    | 61396 ||| FLEEEEING.
 61397 | Zot:2    | 61397 ||| FLEEEEING.
 61398 | Zot:2    | 61398 ||| FLEEEEING.
 61399 | Zot:2    | 61399 ||| FLEEEEING.
 61400 | Zot:2    | 61400 ||| FLEEEEING.
 61401 | Zot:2    | 61401 ||| FLEEEEING.
 61402 | Zot:2    | 61402 ||| STAIRDANCE
 61474 | Zot:2    | 61474 ||| STAIRDANCE
 61481 | Zot:2    | 61481 ||| INVOKING Berserk.
 61703 | Zot:2    | 61703 ||| INVOKING Brothers in Arms.
 61704 | Zot:2    | 61704 ||| INVOKING Brothers in Arms.
 61707 | Zot:2    | 61707 ||| INVOKING Berserk.
 61954 | Zot:2    | Noticed a curse toe
 61961 | Zot:2    | 61961 ||| INVOKING Berserk.
 61966 | Zot:2    | Killed a curse toe
 62475 | Zot:3    | Found a transporter.
 62477 | Zot:3    | Noticed a curse toe
 62480 | Zot:3    | 62480 ||| Stepping ~*~*~tactically~*~*~ (hiding).
 62483 | Zot:3    | 62483 ||| INVOKING Berserk.
 62520 | Zot:3    | Found a runed translucent door.
 62526 | Zot:3    | Found a shimmering altar of Xom.
 62527 | Zot:3    | Noticed Muataran's ghost (veteran MiMo)
 62527 | Zot:3    | Identified the +8 war axe of the Omega Point {chaos,
                  | *Corrode Drain rElec Dex+8}
 62684 | Zot:3    | Found a transporter.
 62714 | Zot:3    | Identified the +8 morningstar of Exchange {flame, MP-9
                  | Str+5}
 62714 | Zot:3    | Identified the ring "Baot" {+Blink rPois rC+ rN+ Int+6}
 62715 | Zot:3    | 62715 ||| Stepping ~*~*~tactically~*~*~ (hiding).
 62717 | Zot:3    | 62717 ||| Stepping ~*~*~tactically~*~*~ (hiding).
 62718 | Zot:3    | Noticed a curse toe
 62720 | Zot:3    | 62720 ||| INVOKING Berserk.
 62781 | Zot:3    | 62781 ||| INVOKING Berserk.
 62810 | Zot:3    | Reached skill level 15 in Throwing
 62908 | Zot:3    | 62908 ||| Stepping ~*~*~tactically~*~*~ (hiding).
 63316 | Zot:4    | Reached XP level 24. HP: 243/243 MP: 22/22
 63374 | Zot:4    | 63374 ||| INVOKING Berserk.
 63405 | Zot:4    | 63405 ||| INVOKING Brothers in Arms.
 63406 | Zot:4    | 63406 ||| INVOKING Brothers in Arms.
 63407 | Zot:4    | 63407 ||| INVOKING Brothers in Arms.
 63422 | Zot:4    | 63422 ||| INVOKING Berserk.
 63488 | Zot:4    | Reached skill level 26 in Fighting
 63490 | Zot:4    | 63490 ||| INVOKING Berserk.
 63662 | Zot:4    | 63662 ||| Stepping ~*~*~tactically~*~*~ (stealth).
 63663 | Zot:4    | 63663 ||| Stepping ~*~*~tactically~*~*~ (stealth).
 63673 | Zot:4    | 63673 ||| Stepping ~*~*~tactically~*~*~ (stealth).
 64069 | Zot:4    | 64069 ||| INVOKING Brothers in Arms.
 64070 | Zot:4    | 64070 ||| INVOKING Brothers in Arms.
 64442 | Zot:4    | 64442 ||| PLANNING ORB
 64454 | Zot:5    | Entered Level 5 of the Realm of Zot
 64528 | Zot:5    | 64528 ||| INVOKING Berserk.
 64701 | Zot:5    | 64701 ||| INVOKING Berserk.
 64747 | Zot:5    | HP: 60/245 [??? (57)]
 64748 | Zot:5    | 64748 ||| READING 14 scrolls of teleportation.
 64749 | Zot:5    | 64749 ||| DRINKING 17 potions of heal wounds.
 65145 | Zot:5    | Noticed an orb of fire
 65145 | Zot:5    | Noticed an ancient lich
 65146 | Zot:5    | 65146 ||| INVOKING Trog's Hand.
 65146 | Zot:5    | Noticed an orb of fire
 65147 | Zot:5    | 65147 ||| INVOKING Berserk.
 65151 | Zot:5    | Noticed an ancient lich
 65153 | Zot:5    | Gained mutation: You are dopey. (Int -2) [an orb of fire]
 65159 | Zot:5    | Noticed a Killer Klown
 65161 | Zot:5    | Gained mutation: Potions are less effective at restoring
                  | your health. [an orb of fire]
 65162 | Zot:5    | Gained mutation: Your spells are a little easier to cast,
                  | but a little less powerful. [an orb of fire]
 65167 | Zot:5    | Killed an orb of fire
 65168 | Zot:5    | Noticed an ancient lich
 65169 | Zot:5    | Killed an ancient lich
 65175 | Zot:5    | Noticed an ancient lich
 65176 | Zot:5    | Killed an orb of fire
 65183 | Zot:5    | Noticed a Killer Klown
 65185 | Zot:5    | 65185 ||| INVOKING Trog's Hand.
 65187 | Zot:5    | Noticed an orb of fire
 65191 | Zot:5    | Noticed a Killer Klown
 65192 | Zot:5    | Noticed a Killer Klown
 65196 | Zot:5    | Killed an ancient lich
 65200 | Zot:5    | Noticed an orb of fire
 65200 | Zot:5    | Killed an ancient lich
 65200 | Zot:5    | Killed an ancient lich
 65201 | Zot:5    | Gained mutation: You are weak. (Str -2) [an orb of fire]
 65201 | Zot:5    | HP: 54/245 [yellow draconian annihilator/iron shot[a red
                  | draconian scorcher] (34)]
 65202 | Zot:5    | 65202 ||| READING 13 scrolls of teleportation.
 65202 | Zot:5    | HP: 21/245 [green draconian monk (13)]
 65203 | Zot:5    | 65203 ||| DRINKING 16 potions of heal wounds.
 65203 | Zot:5    | HP: 10/245 [yellow draconian annihilator/glob of acid[a red
                  | draconian scorcher] (25)]
 65204 | Zot:5    | 65204 ||| DRINKING 15 potions of heal wounds.
 65205 | Zot:5    | 65205 ||| DRINKING 14 potions of heal wounds.
 65206 | Zot:5    | 65206 ||| DRINKING 13 potions of heal wounds.
 65207 | Zot:5    | 65207 ||| DRINKING 12 potions of heal wounds.
 65208 | Zot:5    | 65208 ||| DRINKING 11 potions of heal wounds.
 65208 | Zot:5    | HP: 27/245 [electric golem (3)]
 65209 | Zot:5    | 65209 ||| DRINKING 10 potions of heal wounds.
 65210 | Zot:5    | 65210 ||| DRINKING 9 potions of heal wounds.
 65211 | Zot:5    | 65211 ||| READING 12 scrolls of teleportation.
 65212 | Zot:5    | 65212 ||| DRINKING 8 potions of heal wounds.
 65213 | Zot:5    | 65213 ||| DRINKING 7 potions of heal wounds.
 65214 | Zot:5    | 65214 ||| DRINKING 6 potions of heal wounds.
 65215 | Zot:5    | 65215 ||| INVOKING Berserk.
 65216 | Zot:5    | Lost intelligence.
 65225 | Zot:5    | 65225 ||| INVOKING Brothers in Arms.
 65225 | Zot:5    | HP: 56/245 [yellow draconian/+0 mace[a red draconian
                  | scorcher] (11)]
 65226 | Zot:5    | 65226 ||| DRINKING 5 potions of heal wounds.
 65227 | Zot:5    | 65227 ||| DRINKING 4 potions of heal wounds.
 65228 | Zot:5    | 65228 ||| INVOKING Brothers in Arms.
 65229 | Zot:5    | 65229 ||| DRINKING 3 potions of heal wounds.
 65230 | Zot:5    | 65230 ||| DRINKING 2 potions of heal wounds.
 65230 | Zot:5    | HP: 48/245 [green draconian/+0 halberd[an orange crystal
                  | statue] (9)]
 65231 | Zot:5    | 65231 ||| DRINKING potion of heal wounds.
 65232 | Zot:5    | 65232 ||| INVOKING Brothers in Arms.
 65232 | Zot:5    | HP: 21/245 [red draconian scorcher/+0 whip (7)]
 65233 | Zot:5    | 65233 ||| INVOKING Brothers in Arms.
 65235 | Zot:5    | Demolished by an Orb Guardian

Levels and vault maps discovered:
D:1:      amcnicky_arrival_gap_in_the_tavern_cellar, layout_rooms,
          shapermc_ecumenical_altar_mp_highgroup, minmay_bisected
D:2:      layout_loops_cross
D:3:      layout_rooms, gup_sewer_entry_pipe
D:4:      layout_basic, minmay_temple_entry_butterflies, minmay_snake_closets,
          uniq_sigmund
D:5:      kennysheep_spiral_hall, layout_basic, kennysheep_pointless_box,
          uniq_edmund, uniq_grinder, uniq_menkaure
D:6:      layout_loops_cross
D:7:      layout_loops_ring, serial_shops, shop, enter_bailey_5,
          ebering_ghost_inner_flame, serial_bayou_pond_a
D:8:      layout_rooms
D:9:      layout_cave_pods, special_room [special_room_orc],
          lightli_corner_chamber
D:10:     layout_gridville, nicolae_overflow_squiral,
          grunt_lair_entry_orc_guard_hut, orc_0_dummy
D:11:     minmay_the_grid_octo_tiled_squarecenter
          [minmay_the_grid_octo_checkered, minmay_the_grid_octo_checkerflower,
          minmay_the_grid_octo_thin_diamonds, minmay_the_grid_octo_concentric,
          minmay_the_grid_square_5x5_megaprize_checkered,
          minmay_the_grid_square_5x5_inner_v,
          minmay_the_grid_square_5x5_misaligned,
          minmay_the_grid_square_5x5_tetrominoes,
          minmay_the_grid_square_5x5_minimal], layout_basic, xom_confusion_cloud
D:12:     layout_basic, ebering_ghost_xom, nicolae_trove_entry_free_sample,
          hellmonk_guarded_unrand_vitality_bloodlust
D:13:     layout_basic, grunt_vaults_entry_fortified,
          nicolae_looking_at_the_future, uniq_frances
D:14:     layout_rooms, nicolae_wwwww, minmay_misc_feat_more_columns
D:15:     hangedman_depths_entry_civil_slaughter, layout_gridville, uniq_roxanne
Lair:1:   layout_small_grid
Lair:2:   layout_cave_pods, evilmike_ambush [evilmike_ambush_outer_pillars,
          evilmike_ambush_inner_basic]
Lair:3:   layout_roguey, nicolae_swamp_entry_splash_gauntlet,
          nicolae_lair_grove_arrangements
Lair:4:   layout_cellular_growth, minmay_slime_entry_oklob_enclosed,
          serial_bayou_shore_b
Lair:5:   hellmonk_lair_end_abyssal_woods, layout_small_grid, special_room
          [special_room_mythical_zoo], gammafunk_lair_bear_cave,
          infiniplex_staircase_pool, lemuel_fruit_tree, uniq_josephine,
          uniq_urug
Swamp:1:  nicolae_swamp_flooded_prison, layout_basic_swamp, serial_swamp_ruin,
          evilmike_swamp_ruin_rubble_1, evilmike_swamp_ruin_house_1,
          uniq_mlioglotl
Swamp:2:  nicolae_swamp_secret_spriggan_hideout, layout_basic_swamp,
          evilmike_swamp_ruin_house_4
Swamp:3:  layout_basic_swamp, nicolae_swamp_little_tower,
          nicolae_swamp_nymph_family_reunion, infiniplex_staircase_pool_2
Swamp:4:  swamp_fiery, layout_basic_swamp, swamp_pool1,
          statue_in_the_mist_lemuel
Snake:1:  layout_onion_interference, portal_ice_cave_entry_pillars_1,
          minmay_shop_grove
Snake:2:  gammafunk_its_a_trap, layout_onion, uniq_vashnia
Snake:3:  layout_rooms
Snake:4:  minmay_snake_end_coiled, layout_misc_corridors
Orc:1:    layout_caves, serial_shops, shop
Orc:2:    st_orc_town, layout_caves, gammafunk_ghost_fury_of_okawaru,
          serial_shops, shop_fountains, nicolae_specific_store
Vaults:1: ontoclasm_vaults_idyll, nicolae_vaults_lopsided_apartments,
          hangedman_vaults_stretched_pinwheel, nicolae_vaults_disjoint_gnomons,
          hangedman_vaults_pinch, v_misc_32, nicolae_vaults_little_squares_3,
          dpeg_vaults_monster_box, layout_vaults_chaotic_city
Vaults:2: v_misc_23, nicolae_vaults_branching_niches, v_rooms_5,
          vaults_room_door_hall, vaults_room_large_hall,
          hangedman_vaults_stretched_pinwheel, vaults_dpeg_hooks,
          nicolae_vaults_little_ls, grunt_vaults_hallway_short,
          nicolae_vaults_yaktaur_gun_rack, nicolae_vaults_theta,
          nicolae_vaults_little_squares_1, vaults_mumra_hexcomb,
          nicolae_vaults_little_squares_4, layout_vaults_omnicross,
          uniq_frederick
Vaults:3: grunt_vaults_funneled_arena, v_misc_29, nicolae_vaults_rhombus_7,
          vaults_room_stairs_pillars, nicolae_vaults_little_squares_1,
          hangedman_vaults_snaps, minmay_crypt_entry_simple_statues, v_misc_26,
          vaults_mumra_minichess, nicolae_vaults_ring_of_whatevers, v_rooms_2,
          vaults_room_pools, vaults_room_grid, vaults_room_pool,
          hangedman_vaults_slice, layout_vaults_maze_bifur, serial_shops,
          freezing_bzr, uniq_nikola, uniq_xtahua
Vaults:4: nicolae_vaults_network_s, ontoclasm_vaults_twist,
          nicolae_vaults_border_crossing, vaults_standard_mumra_lines,
          hangedman_vaults_stitches, nicolae_vaults_mini_display_case,
          v_misc_15, hangedman_vaults_capsules, grunt_vaults_hallway_long,
          layout_vaults_omnigrid, serial_shops, shop_fountains
Vaults:5: uniq_margery
Depths:1: layout_roguey, enter_ziggurat_f, lightli_too_deep,
          minmay_misc_feat_rows, nicolae_rock_paper_scissors,
          serial_bayou_shore_b, uniq_mara, uniq_aizul
Depths:2: cheibrodos_hall_of_evolution, layout_small_grid, nicolae_benzene_ring,
          pf_vacation_house_of_asmodeus, serial_shops, shop,
          grunt_pan_entry_in_and_out, beargit_elvish_explorers
Depths:3: wad_statue_garden, layout_basic, hangedman_coc_ice_floe,
          kennysheep_decorative_pillar, abyss_entry_flame_altar,
          grunt_ministairs_1, infiniplex_staircase_zigzag_5
Depths:4: grunt_zot_entry_gee_three, layout_gridlike, rand_demon_pan_entry_8,
          chequers_serial_rivers_small_3, abyss_entry, hell_entry,
          nicolae_shop_sticking_my_neck_out
Zot:1:    ebering_greatest_show_in_zot, layout_concentric_octagons,
          grunt_megastairs_3
Zot:2:    layout_cathedral_of_symmetry
Zot:3:    gammafunk_the_bubble [the_bubble_gammafunk_split],
          layout_misc_corridors, ebering_ghost_xom
Zot:4:    layout_onion
Zot:5:    layout_twisted_circle

Skill      XL: |  1  2  3  4  5  6  7  8  9 10 11 12 13 14 15 16 17 18 19 20 21 22 23 24 |
---------------+-------------------------------------------------------------------------+-----
Axes           | 4 5 6 7 8 9 10 12 13 15 17 18 19 | 19.0
Fighting       | 4 6 7 9 10 11 13 15 17 19 20 22 24 25 26 | 26.0
Armour         | 3 5 7 8 9 10 12 14 15 17 18 20 21 22 23 | 23.0
Throwing       | 1 2 5 6 7 8 9 10 11 14 15 | 15.0
Shields        | 14 15 16 17 18 19 20 21 22 | 22.6
Dodging        | 3 4 6 8 9 10 11 13 14 18 19 20 22 23 | 23.0

Action                   |  1- 3 |  4- 6 |  7- 9 | 10-12 | 13-15 | 16-18 | 19-21 | 22-24 || total
-------------------------+-------+-------+-------+-------+-------+-------+-------+-------++-------
Melee: Hand axe          |    91 |    74 |   116 |   140 |       |       |       |       ||   421
       Headbutt          |    12 |     6 |    27 |   114 |   249 |   380 |   581 |   540 ||  1909
       Broad axe         |       |       |       |   256 |   751 |     9 |       |       ||  1016
       Morningstar       |       |       |       |     9 |    16 |       |       |       ||    25
       War axe           |       |       |       |       |   196 |  1442 |  1679 |  1404 ||  4721
       Eveningstar       |       |       |       |       |       |     2 |       |       ||     2
Throw: Boomerang         |       |       |    51 |    96 |    33 |    66 |   130 |    39 ||   415
       Javelin           |       |       |       |       |   103 |    29 |    23 |    56 ||   211
Invok: Berserk           |       |     5 |     8 |    31 |    32 |    36 |    26 |    34 ||   172
       Trog's Hand       |       |       |     1 |       |    11 |     6 |    21 |     9 ||    48
       Brothers in Arms  |       |       |       |     1 |     9 |    11 |    10 |    16 ||    47
  Use: Scroll            |     6 |     1 |     6 |    12 |     7 |     8 |     1 |     5 ||    46
       Potion            |       |     1 |     6 |     2 |     3 |     1 |     4 |    18 ||    35
 Stab: Distracted        |       |       |       |       |     1 |       |     3 |     1 ||     5
       Confused          |       |       |       |       |       |     2 |       |     4 ||     6
Armor: Animal skin       |     9 |       |       |       |       |       |       |       ||     9
       Leather armour    |     2 |       |       |       |       |       |       |       ||     2
       Scale mail        |     1 |     2 |       |       |       |       |       |       ||     3
       Chain mail        |       |    10 |    11 |       |       |       |       |       ||    21
       Plate armour      |       |       |     8 |   106 |   284 |   387 |   295 |   320 ||  1400
Dodge: Dodged            |    39 |    25 |     8 |    66 |   294 |   661 |   670 |  1252 ||  3015
Block: Tower shield      |       |       |    35 |   324 |   907 |  1873 |  1816 |  2025 ||  6980
       Reflection        |       |       |       |       |    29 |   165 |    91 |    46 ||   331

Table legend:
 A = Non-vault XP
 B = Vault XP
 C = Vault XP percentage of total XP
 D = Non-vault monster count
 E = Vault monster count
 F = Vault count percentage of total count
                 A         B        C        D         E       F
            +---------+---------+-------+---------+---------+-------
      Total |  572989 |  509050 |  47.0 |    1140 |     753 |  39.8
            +---------+---------+-------+---------+---------+-------
        D:1 |      33 |       7 |  17.5 |      21 |       4 |  16.0
        D:2 |      40 |       0 |   0.0 |      16 |       0 |   0.0
        D:3 |     143 |      16 |  10.1 |      18 |       8 |  30.8
        D:4 |     332 |     305 |  47.9 |      20 |       9 |  31.0
        D:5 |     229 |     754 |  76.7 |       9 |       7 |  43.8
        D:6 |     653 |       0 |   0.0 |      14 |       0 |   0.0
        D:7 |    1846 |       7 |   0.4 |      31 |       4 |  11.4
        D:8 |    2966 |       0 |   0.0 |      28 |       0 |   0.0
        D:9 |    4420 |     880 |  16.6 |      35 |      18 |  34.0
       D:10 |    1668 |     749 |  31.0 |      12 |       4 |  25.0
       D:11 |    3941 |   10135 |  72.0 |       7 |      28 |  80.0
       D:12 |    8406 |     703 |   7.7 |      31 |       1 |   3.1
       D:13 |    4425 |    9382 |  68.0 |      14 |      26 |  65.0
       D:14 |    9374 |       0 |   0.0 |      22 |       0 |   0.0
       D:15 |   12663 |    5418 |  30.0 |      26 |       7 |  21.2
     Lair:1 |    5970 |     190 |   3.1 |      18 |       1 |   5.3
     Lair:2 |    2551 |     361 |  12.4 |       7 |       1 |  12.5
     Lair:3 |    2629 |     939 |  26.3 |       8 |       3 |  27.3
     Lair:4 |    7490 |     580 |   7.2 |      28 |       1 |   3.4
     Lair:5 |   13457 |   18366 |  57.7 |      38 |      67 |  63.8
    Swamp:1 |    5621 |   17315 |  75.5 |      11 |      25 |  69.4
    Swamp:2 |   12277 |    7783 |  38.8 |      24 |      15 |  38.5
    Swamp:3 |   11072 |    2986 |  21.2 |      21 |       4 |  16.0
    Swamp:4 |    9796 |   13806 |  58.5 |      21 |      29 |  58.0
    Snake:1 |   23949 |       0 |   0.0 |      51 |       0 |   0.0
    Snake:2 |   17558 |    5210 |  22.9 |      36 |       4 |  10.0
    Snake:3 |   28070 |       0 |   0.0 |      59 |       0 |   0.0
    Snake:4 |   23440 |   18097 |  43.6 |      47 |      32 |  40.5
      Orc:1 |    3381 |       0 |   0.0 |      46 |       0 |   0.0
      Orc:2 |    5203 |    8645 |  62.4 |      29 |      68 |  70.1
   Vaults:1 |   19318 |   31231 |  61.8 |      27 |      39 |  59.1
   Vaults:2 |   38890 |   35573 |  47.8 |      53 |      41 |  43.6
   Vaults:3 |   16550 |   37749 |  69.5 |      29 |      49 |  62.8
   Vaults:4 |    5242 |   44191 |  89.4 |       9 |      53 |  85.5
   Vaults:5 |   22424 |   80079 |  78.1 |      41 |      69 |  62.7
   Depths:1 |   28664 |   19088 |  40.0 |      35 |      15 |  30.0
   Depths:2 |   16765 |   25058 |  59.9 |      21 |      36 |  63.2
   Depths:3 |   19248 |   20386 |  51.4 |      19 |      19 |  50.0
   Depths:4 |   10125 |   20320 |  66.7 |      14 |      22 |  61.1
      Zot:1 |   23961 |   33124 |  58.0 |      25 |      29 |  53.7
      Zot:2 |   48640 |       0 |   0.0 |      42 |       0 |   0.0
      Zot:3 |   37273 |       0 |   0.0 |      29 |       0 |   0.0
      Zot:4 |   51754 |       0 |   0.0 |      42 |       0 |   0.0
      Zot:5 |   10532 |   39617 |  79.0 |       6 |      15 |  71.4
            +---------+---------+-------+---------+---------+-------
